Workbook

Sheet CONCENTRADO
A1: OFICIALIA MAYOR DE GOB. DEL EDO.
A2: DIR. DE SERVICIOS GENERALES
A3: SUBDIR. DE SERVICIOS
A4: DEPARTAMENTO DE ADMINISTRACION DE SERVICIOS
A5: CONTRATACION DE SERVICIO DE FOTOCOPIADO "MAYO 02 2018 - MAYO 02 2019"
A6: 03 PAQUETES DIVIDIDOS EN EL ESTADO
A9: PAQUETE | B9: CIUDAD | C9: DEPENDENCIAS | D9: TIPO A | E9: TIPO B | F9: TIPO C | G9: TOTAL | H9: IMPR | I9: SCAN | J9: NUEVA | K9: COLOR
A10: 1 | B10: MEXICALI, VALLE Y SAN FELIPE | C10: TODAS LAS DEPENDENCIAS (EXCEPTO SEBS) | D10: ='DETALLE IMPRESORA SCANER'!C22 -> 163 | E10: ='DETALLE IMPRESORA SCANER'!D22 -> 30 | F10: ='DETALLE IMPRESORA SCANER'!E22 -> 14 | G10: =SUM(D10:F10) -> 207 | H10: ='DETALLE IMPRESORA SCANER'!G22 -> 78 | I10: ='DETALLE IMPRESORA SCANER'!H22 -> 48 | J10: ='DETALLE IMPRESORA SCANER'!I22 -> 21 | K10: ='ok PAQUETE 01 MXL'!F226 -> 1
A11: 2 | B11: TIJUANA, TECATE Y ROSARITO | C11: TODAS LAS DEPEND. (SIN PGJE E INSPECCIONES) | D11: ='DETALLE IMPRESORA SCANER'!N22 -> 133 | E11: ='DETALLE IMPRESORA SCANER'!O22 -> 22 | F11: ='DETALLE IMPRESORA SCANER'!P22 -> 18 | G11: =SUM(D11:F11) -> 173 | H11: ='DETALLE IMPRESORA SCANER'!R22 -> 77 | I11: ='DETALLE IMPRESORA SCANER'!S22 -> 23 | J11: ='DETALLE IMPRESORA SCANER'!T22 -> 18 | K11: ='ok PAQUETE 02 TJ'!F193 -> 3
A12: 3 | B12: ENSENADA Y SAN QUINTIN | C12: TODAS LAS DEPENDENCIAS (EXCEPTO SEBS) | D12: ='DETALLE IMPRESORA SCANER'!Y22 -> 43 | E12: ='DETALLE IMPRESORA SCANER'!Z22 -> 31 | F12: ='DETALLE IMPRESORA SCANER'!AA22 -> 0 | G12: =SUM(D12:F12) -> 74 | H12: ='DETALLE IMPRESORA SCANER'!AC22 -> 27 | I12: ='DETALLE IMPRESORA SCANER'!AD22 -> 10 | J12: ='DETALLE IMPRESORA SCANER'!AE22 -> 8 | K12: 0
C13: TOTALES | D13: =SUM(D10:D12) -> 339 | E13: =SUM(E10:E12) -> 83 | F13: =SUM(F10:F12) -> 32 | G13: =SUM(G10:G12) -> 454 | H13: =SUM(H10:H12) -> 182 | I13: =SUM(I10:I12) -> 81 | J13: =SUM(J10:J12) -> 47 | K13: =SUM(K10:K12) -> 4

Sheet DETALLE IMPRESORA SCANER
A1: COPIADORAS "MAYO 02 2018 - MAYO 02 2019" DETALLE POR PAQUETE Y TIPO DE MAQUINA
A2: PAQUETE 1 | L2: PAQUETE 2 | W2: PAQUETE 3
A3: MEXICALI, VALLE Y SAN FELIPE | L3: TIJUANA, TECATE Y ROSARITO | W3: ENSENADA Y SAN QUINTIN
A4: RAMO | C4: TIPO A | D4: TIPO B | E4: TIPO C | F4: TOTAL | G4: IMPR | H4: SCAN | I4: NUEVA | J4: COLOR | L4: RAMO | N4: TIPO A | O4: TIPO B | P4: TIPO C | Q4: TOTAL | R4: IMPR | S4: SCAN | T4: NUEVA | U4: COLOR | W4: RAMO | Y4: TIPO A | Z4: TIPO B | AA4: TIPO C | AB4: TOTAL | AC4: IMPR | AD4: SCAN | AE4: NUEVA | AF4: COLOR
A5: 03 | B5: PART | C5: =SUMPRODUCT(('ok PAQUETE 01 MXL'!A6:A212=A5)*1,('ok PAQUETE 01 MXL'!F6:F212="A")*1) -> 6 | D5: =SUMPRODUCT(('ok PAQUETE 01 MXL'!A6:A212=A5)*1,('ok PAQUETE 01 MXL'!F6:F212="B")*1) -> 1 | E5: =SUMPRODUCT(('ok PAQUETE 01 MXL'!A6:A212=A5)*1,('ok PAQUETE 01 MXL'!F6:F212="C")*1) -> 0 | F5: =SUM(C5:E5) -> 7 | G5: =SUMPRODUCT(('ok PAQUETE 01 MXL'!A6:A212=A5)*1,('ok PAQUETE 01 MXL'!H6:H212="IMPRESORA")*1) -> 2 | H5: =SUMPRODUCT(('ok PAQUETE 01 MXL'!A6:A212=A5)*1,('ok PAQUETE 01 MXL'!I6:I212="SCANER")*1) -> 2 | I5: =SUMPRODUCT(('ok PAQUETE 01 MXL'!A6:A212=A5)*1,('ok PAQUETE 01 MXL'!G6:G212="NUEVA")*1) -> 1 | J5: =SUMPRODUCT(('ok PAQUETE 01 MXL'!$A$6:$A$212=A5)*1,('ok PAQUETE 01 MXL'!$J$6:$J$212="COLOR")*1) -> 0 | L5: 03 | M5: PART | N5: =SUMPRODUCT(('ok PAQUETE 02 TJ'!A6:A177=L5)*1,('ok PAQUETE 02 TJ'!F6:F177="A")*1) -> 1 | O5: =SUMPRODUCT(('ok PAQUETE 02 TJ'!A6:A177=L5)*1,('ok PAQUETE 02 TJ'!F6:F177="B")*1) -> 0 | P5: =SUMPRODUCT(('ok PAQUETE 02 TJ'!A6:A177=L5)*1,('ok PAQUETE 02 TJ'!F6:F177="C")*1) -> 3 | Q5: =SUM(N5:P5) -> 4 | R5: =SUMPRODUCT(('ok PAQUETE 02 TJ'!A6:A178=L5)*1,('ok PAQUETE 02 TJ'!H6:H178="IMPRESORA")*1) -> 2 | S5: =SUMPRODUCT(('ok PAQUETE 02 TJ'!A6:A178=L5)*1,('ok PAQUETE 02 TJ'!I6:I178="SCANER")*1) -> 1 | T5: =SUMPRODUCT(('ok PAQUETE 02 TJ'!A6:A178=A5)*1,('ok PAQUETE 02 TJ'!G6:G178="NUEVA")*1) -> 3 | U5: =SUMPRODUCT(('ok PAQUETE 02 TJ'!$A$6:$A$178=A5)*1,('ok PAQUETE 02 TJ'!$J$6:$J$178="COLOR")*1) -> 0 | W5: 03 | X5: PART | Y5: =SUMPRODUCT(('ok PAQUETE 03 EDA'!A6:A70=W5)*1,('ok PAQUETE 03 EDA'!F6:F70="A")*1) -> 0 | Z5: =SUMPRODUCT(('ok PAQUETE 03 EDA'!A6:A70=W5)*1,('ok PAQUETE 03 EDA'!F6:F70="B")*1) -> 3 | AA5: =SUMPRODUCT(('ok PAQUETE 03 EDA'!A6:A70=W5)*1,('ok PAQUETE 03 EDA'!F6:F70="C")*1) -> 0 | AB5: =SUM(Y5:AA5) -> 3 | AC5: =SUMPRODUCT(('ok PAQUETE 03 EDA'!A6:A70=W5)*1,('ok PAQUETE 03 EDA'!H6:H70="IMPRESORA")*1) -> 2 | AD5: =SUMPRODUCT(('ok PAQUETE 03 EDA'!A6:A70=W5)*1,('ok PAQUETE 03 EDA'!I6:I70="SCANER")*1) -> 0 | AE5: =SUMPRODUCT(('ok PAQUETE 03 EDA'!A6:A70=A5)*1,('ok PAQUETE 03 EDA'!G6:G70="NUEVA")*1) -> 0 | AF5: =SUMPRODUCT(('ok PAQUETE 03 EDA'!$A$6:$A$79=W5)*1,('ok PAQUETE 03 EDA'!$J$6:$J$79="COLOR")*1) -> 0
A6: 04 | B6: SGG | C6: =SUMPRODUCT(('ok PAQUETE 01 MXL'!A6:A212=A6)*1,('ok PAQUETE 01 MXL'!F6:F212="A")*1) -> 18 | D6: =SUMPRODUCT(('ok PAQUETE 01 MXL'!A6:A212=A6)*1,('ok PAQUETE 01 MXL'!F6:F212="B")*1) -> 0 | E6: =SUMPRODUCT(('ok PAQUETE 01 MXL'!A6:A212=A6)*1,('ok PAQUETE 01 MXL'!F6:F212="C")*1) -> 0 | F6: =SUM(C6:E6) -> 18 | G6: =SUMPRODUCT(('ok PAQUETE 01 MXL'!A6:A212=A6)*1,('ok PAQUETE 01 MXL'!H6:H212="IMPRESORA")*1) -> 5 | H6: =SUMPRODUCT(('ok PAQUETE 01 MXL'!A6:A212=A6)*1,('ok PAQUETE 01 MXL'!I6:I212="SCANER")*1) -> 3 | I6: =SUMPRODUCT(('ok PAQUETE 01 MXL'!A6:A212=A6)*1,('ok PAQUETE 01 MXL'!G6:G212="NUEVA")*1) -> 2 | J6: =SUMPRODUCT(('ok PAQUETE 01 MXL'!$A$6:$A$212=A6)*1,('ok PAQUETE 01 MXL'!$J$6:$J$212="COLOR")*1) -> 0 | L6: 04 | M6: SGG | N6: =SUMPRODUCT(('ok PAQUETE 02 TJ'!A6:A177=L6)*1,('ok PAQUETE 02 TJ'!F6:F177="A")*1) -> 5 | O6: =SUMPRODUCT(('ok PAQUETE 02 TJ'!A6:A177=L6)*1,('ok PAQUETE 02 TJ'!F6:F177="B")*1) -> 1 | P6: =SUMPRODUCT(('ok PAQUETE 02 TJ'!A6:A177=L6)*1,('ok PAQUETE 02 TJ'!F6:F177="C")*1) -> 1 | Q6: =SUM(N6:P6) -> 7 | R6: =SUMPRODUCT(('ok PAQUETE 02 TJ'!A6:A178=L6)*1,('ok PAQUETE 02 TJ'!H6:H178="IMPRESORA")*1) -> 1 | S6: =SUMPRODUCT(('ok PAQUETE 02 TJ'!A6:A178=L6)*1,('ok PAQUETE 02 TJ'!I6:I178="SCANER")*1) -> 0 | T6: =SUMPRODUCT(('ok PAQUETE 02 TJ'!A6:A178=A6)*1,('ok PAQUETE 02 TJ'!G6:G178="NUEVA")*1) -> 0 | U6: =SUMPRODUCT(('ok PAQUETE 02 TJ'!$A$6:$A$178=A6)*1,('ok PAQUETE 02 TJ'!$J$6:$J$178="COLOR")*1) -> 0 | W6: 04 | X6: SGG | Y6: =SUMPRODUCT(('ok PAQUETE 03 EDA'!A6:A70=W6)*1,('ok PAQUETE 03 EDA'!F6:F70="A")*1) -> 3 | Z6: =SUMPRODUCT(('ok PAQUETE 03 EDA'!A6:A70=W6)*1,('ok PAQUETE 03 EDA'!F6:F70="B")*1) -> 1 | AA6: =SUMPRODUCT(('ok PAQUETE 03 EDA'!A6:A70=W6)*1,('ok PAQUETE 03 EDA'!F6:F70="C")*1) -> 0 | AB6: =SUM(Y6:AA6) -> 4 | AC6: =SUMPRODUCT(('ok PAQUETE 03 EDA'!A6:A70=W6)*1,('ok PAQUETE 03 EDA'!H6:H70="IMPRESORA")*1) -> 2 | AD6: =SUMPRODUCT(('ok PAQUETE 03 EDA'!A6:A70=W6)*1,('ok PAQUETE 03 EDA'!I6:I70="SCANER")*1) -> 1 | AE6: =SUMPRODUCT(('ok PAQUETE 03 EDA'!A6:A70=A6)*1,('ok PAQUETE 03 EDA'!G6:G70="NUEVA")*1) -> 1 | AF6: =SUMPRODUCT(('ok PAQUETE 03 EDA'!$A$6:$A$79=W6)*1,('ok PAQUETE 03 EDA'!$J$6:$J$79="COLOR")*1) -> 0
A7: 05 | B7: OMG | C7: =SUMPRODUCT(('ok PAQUETE 01 MXL'!A6:A212=A7)*1,('ok PAQUETE 01 MXL'!F6:F212="A")*1) -> 19 | D7: =SUMPRODUCT(('ok PAQUETE 01 MXL'!A6:A212=A7)*1,('ok PAQUETE 01 MXL'!F6:F212="B")*1) -> 3 | E7: =SUMPRODUCT(('ok PAQUETE 01 MXL'!A6:A212=A7)*1,('ok PAQUETE 01 MXL'!F6:F212="C")*1) -> 2 | F7: =SUM(C7:E7) -> 24 | G7: =SUMPRODUCT(('ok PAQUETE 01 MXL'!A6:A212=A7)*1,('ok PAQUETE 01 MXL'!H6:H212="IMPRESORA")*1) -> 24 | H7: =SUMPRODUCT(('ok PAQUETE 01 MXL'!A6:A212=A7)*1,('ok PAQUETE 01 MXL'!I6:I212="SCANER")*1) -> 24 | I7: =SUMPRODUCT(('ok PAQUETE 01 MXL'!A6:A212=A7)*1,('ok PAQUETE 01 MXL'!G6:G212="NUEVA")*1) -> 6 | J7: =SUMPRODUCT(('ok PAQUETE 01 MXL'!$A$6:$A$212=A7)*1,('ok PAQUETE 01 MXL'!$J$6:$J$212="COLOR")*1) -> 1 | L7: 05 | M7: OMG | N7: =SUMPRODUCT(('ok PAQUETE 02 TJ'!A6:A177=L7)*1,('ok PAQUETE 02 TJ'!F6:F177="A")*1) -> 3 | O7: =SUMPRODUCT(('ok PAQUETE 02 TJ'!A6:A177=L7)*1,('ok PAQUETE 02 TJ'!F6:F177="B")*1) -> 1 | P7: =SUMPRODUCT(('ok PAQUETE 02 TJ'!A6:A177=L7)*1,('ok PAQUETE 02 TJ'!F6:F177="C")*1) -> 4 | Q7: =SUM(N7:P7) -> 8 | R7: =SUMPRODUCT(('ok PAQUETE 02 TJ'!A6:A178=L7)*1,('ok PAQUETE 02 TJ'!H6:H178="IMPRESORA")*1) -> 8 | S7: =SUMPRODUCT(('ok PAQUETE 02 TJ'!A6:A178=L7)*1,('ok PAQUETE 02 TJ'!I6:I178="SCANER")*1) -> 8 | T7: =SUMPRODUCT(('ok PAQUETE 02 TJ'!A6:A178=A7)*1,('ok PAQUETE 02 TJ'!G6:G178="NUEVA")*1) -> 1 | U7: =SUMPRODUCT(('ok PAQUETE 02 TJ'!$A$6:$A$178=A7)*1,('ok PAQUETE 02 TJ'!$J$6:$J$178="COLOR")*1) -> 3 | W7: 05 | X7: OMG | Y7: =SUMPRODUCT(('ok PAQUETE 03 EDA'!A6:A70=W7)*1,('ok PAQUETE 03 EDA'!F6:F70="A")*1) -> 2 | Z7: =SUMPRODUCT(('ok PAQUETE 03 EDA'!A6:A70=W7)*1,('ok PAQUETE 03 EDA'!F6:F70="B")*1) -> 1 | AA7: =SUMPRODUCT(('ok PAQUETE 03 EDA'!A6:A70=W7)*1,('ok PAQUETE 03 EDA'!F6:F70="C")*1) -> 0 | AB7: =SUM(Y7:AA7) -> 3 | AC7: =SUMPRODUCT(('ok PAQUETE 03 EDA'!A6:A70=W7)*1,('ok PAQUETE 03 EDA'!H6:H70="IMPRESORA")*1) -> 3 | AD7: =SUMPRODUCT(('ok PAQUETE 03 EDA'!A6:A70=W7)*1,('ok PAQUETE 03 EDA'!I6:I70="SCANER")*1) -> 3 | AE7: =SUMPRODUCT(('ok PAQUETE 03 EDA'!A6:A70=A7)*1,('ok PAQUETE 03 EDA'!G6:G70="NUEVA")*1) -> 1 | AF7: =SUMPRODUCT(('ok PAQUETE 03 EDA'!$A$6:$A$79=W7)*1,('ok PAQUETE 03 EDA'!$J$6:$J$79="COLOR")*1) -> 0
A8: 06 | B8: PGJE | C8: =SUMPRODUCT(('ok PAQUETE 01 MXL'!A6:A212=A8)*1,('ok PAQUETE 01 MXL'!F6:F212="A")*1) -> 45 | D8: =SUMPRODUCT(('ok PAQUETE 01 MXL'!A6:A212=A8)*1,('ok PAQUETE 01 MXL'!F6:F212="B")*1) -> 8 | E8: =SUMPRODUCT(('ok PAQUETE 01 MXL'!A6:A212=A8)*1,('ok PAQUETE 01 MXL'!F6:F212="C")*1) -> 3 | F8: =SUM(C8:E8) -> 56 | G8: =SUMPRODUCT(('ok PAQUETE 01 MXL'!A6:A212=A8)*1,('ok PAQUETE 01 MXL'!H6:H212="IMPRESORA")*1) -> 5 | H8: =SUMPRODUCT(('ok PAQUETE 01 MXL'!A6:A212=A8)*1,('ok PAQUETE 01 MXL'!I6:I212="SCANER")*1) -> 0 | I8: =SUMPRODUCT(('ok PAQUETE 01 MXL'!A6:A212=A8)*1,('ok PAQUETE 01 MXL'!G6:G212="NUEVA")*1) -> 7 | J8: =SUMPRODUCT(('ok PAQUETE 01 MXL'!$A$6:$A$212=A8)*1,('ok PAQUETE 01 MXL'!$J$6:$J$212="COLOR")*1) -> 0 | L8: 06 | M8: PGJE | N8: =SUMPRODUCT(('ok PAQUETE 02 TJ'!A6:A177=L8)*1,('ok PAQUETE 02 TJ'!F6:F177="A")*1) -> 65 | O8: =SUMPRODUCT(('ok PAQUETE 02 TJ'!A6:A177=L8)*1,('ok PAQUETE 02 TJ'!F6:F177="B")*1) -> 8 | P8: =SUMPRODUCT(('ok PAQUETE 02 TJ'!A6:A177=L8)*1,('ok PAQUETE 02 TJ'!F6:F177="C")*1) -> 1 | Q8: =SUM(N8:P8) -> 74 | R8: =SUMPRODUCT(('ok PAQUETE 02 TJ'!A6:A178=L8)*1,('ok PAQUETE 02 TJ'!H6:H178="IMPRESORA")*1) -> 42 | S8: =SUMPRODUCT(('ok PAQUETE 02 TJ'!A6:A178=L8)*1,('ok PAQUETE 02 TJ'!I6:I178="SCANER")*1) -> 4 | T8: =SUMPRODUCT(('ok PAQUETE 02 TJ'!A6:A178=A8)*1,('ok PAQUETE 02 TJ'!G6:G178="NUEVA")*1) -> 3 | U8: =SUMPRODUCT(('ok PAQUETE 02 TJ'!$A$6:$A$178=A8)*1,('ok PAQUETE 02 TJ'!$J$6:$J$178="COLOR")*1) -> 0 | W8: 06 | X8: PGJE | Y8: =SUMPRODUCT(('ok PAQUETE 03 EDA'!A6:A70=W8)*1,('ok PAQUETE 03 EDA'!F6:F70="A")*1) -> 21 | Z8: =SUMPRODUCT(('ok PAQUETE 03 EDA'!A6:A70=W8)*1,('ok PAQUETE 03 EDA'!F6:F70="B")*1) -> 6 | AA8: =SUMPRODUCT(('ok PAQUETE 03 EDA'!A6:A70=W8)*1,('ok PAQUETE 03 EDA'!F6:F70="C")*1) -> 0 | AB8: =SUM(Y8:AA8) -> 27 | AC8: =SUMPRODUCT(('ok PAQUETE 03 EDA'!A6:A70=W8)*1,('ok PAQUETE 03 EDA'!H6:H70="IMPRESORA")*1) -> 11 | AD8: =SUMPRODUCT(('ok PAQUETE 03 EDA'!A6:A70=W8)*1,('ok PAQUETE 03 EDA'!I6:I70="SCANER")*1) -> 2 | AE8: =SUMPRODUCT(('ok PAQUETE 03 EDA'!A6:A70=A8)*1,('ok PAQUETE 03 EDA'!G6:G70="NUEVA")*1) -> 2 | AF8: =SUMPRODUCT(('ok PAQUETE 03 EDA'!$A$6:$A$79=W8)*1,('ok PAQUETE 03 EDA'!$J$6:$J$79="COLOR")*1) -> 0
A9: 07 | B9: SPF | C9: =SUMPRODUCT(('ok PAQUETE 01 MXL'!A6:A212=A9)*1,('ok PAQUETE 01 MXL'!F6:F212="A")*1) -> 18 | D9: =SUMPRODUCT(('ok PAQUETE 01 MXL'!A6:A212=A9)*1,('ok PAQUETE 01 MXL'!F6:F212="B")*1) -> 8 | E9: =SUMPRODUCT(('ok PAQUETE 01 MXL'!A6:A212=A9)*1,('ok PAQUETE 01 MXL'!F6:F212="C")*1) -> 4 | F9: =SUM(C9:E9) -> 30 | G9: =SUMPRODUCT(('ok PAQUETE 01 MXL'!A6:A212=A9)*1,('ok PAQUETE 01 MXL'!H6:H212="IMPRESORA")*1) -> 13 | H9: =SUMPRODUCT(('ok PAQUETE 01 MXL'!A6:A212=A9)*1,('ok PAQUETE 01 MXL'!I6:I212="SCANER")*1) -> 2 | I9: =SUMPRODUCT(('ok PAQUETE 01 MXL'!A6:A212=A9)*1,('ok PAQUETE 01 MXL'!G6:G212="NUEVA")*1) -> 3 | J9: =SUMPRODUCT(('ok PAQUETE 01 MXL'!$A$6:$A$212=A9)*1,('ok PAQUETE 01 MXL'!$J$6:$J$212="COLOR")*1) -> 0 | L9: 07 | M9: SPF | N9: =SUMPRODUCT(('ok PAQUETE 02 TJ'!A6:A177=L9)*1,('ok PAQUETE 02 TJ'!F6:F177="A")*1) -> 6 | O9: =SUMPRODUCT(('ok PAQUETE 02 TJ'!A6:A177=L9)*1,('ok PAQUETE 02 TJ'!F6:F177="B")*1) -> 1 | P9: =SUMPRODUCT(('ok PAQUETE 02 TJ'!A6:A177=L9)*1,('ok PAQUETE 02 TJ'!F6:F177="C")*1) -> 5 | Q9: =SUM(N9:P9) -> 12 | R9: =SUMPRODUCT(('ok PAQUETE 02 TJ'!A6:A178=L9)*1,('ok PAQUETE 02 TJ'!H6:H178="IMPRESORA")*1) -> 3 | S9: =SUMPRODUCT(('ok PAQUETE 02 TJ'!A6:A178=L9)*1,('ok PAQUETE 02 TJ'!I6:I178="SCANER")*1) -> 1 | T9: =SUMPRODUCT(('ok PAQUETE 02 TJ'!A6:A178=A9)*1,('ok PAQUETE 02 TJ'!G6:G178="NUEVA")*1) -> 6 | U9: =SUMPRODUCT(('ok PAQUETE 02 TJ'!$A$6:$A$178=A9)*1,('ok PAQUETE 02 TJ'!$J$6:$J$178="COLOR")*1) -> 0 | W9: 07 | X9: SPF | Y9: =SUMPRODUCT(('ok PAQUETE 03 EDA'!A6:A70=W9)*1,('ok PAQUETE 03 EDA'!F6:F70="A")*1) -> 1 | Z9: =SUMPRODUCT(('ok PAQUETE 03 EDA'!A6:A70=W9)*1,('ok PAQUETE 03 EDA'!F6:F70="B")*1) -> 4 | AA9: =SUMPRODUCT(('ok PAQUETE 03 EDA'!A6:A70=W9)*1,('ok PAQUETE 03 EDA'!F6:F70="C")*1) -> 0 | AB9: =SUM(Y9:AA9) -> 5 | AC9: =SUMPRODUCT(('ok PAQUETE 03 EDA'!A6:A70=W9)*1,('ok PAQUETE 03 EDA'!H6:H70="IMPRESORA")*1) -> 1 | AD9: =SUMPRODUCT(('ok PAQUETE 03 EDA'!A6:A70=W9)*1,('ok PAQUETE 03 EDA'!I6:I70="SCANER")*1) -> 0 | AE9: =SUMPRODUCT(('ok PAQUETE 03 EDA'!A6:A70=A9)*1,('ok PAQUETE 03 EDA'!G6:G70="NUEVA")*1) -> 1 | AF9: =SUMPRODUCT(('ok PAQUETE 03 EDA'!$A$6:$A$79=W9)*1,('ok PAQUETE 03 EDA'!$J$6:$J$79="COLOR")*1) -> 0
A10: 08 | B10: DCEG | C10: =SUMPRODUCT(('ok PAQUETE 01 MXL'!A6:A212=A10)*1,('ok PAQUETE 01 MXL'!F6:F212="A")*1) -> 1 | D10: =SUMPRODUCT(('ok PAQUETE 01 MXL'!A6:A212=A10)*1,('ok PAQUETE 01 MXL'!F6:F212="B")*1) -> 2 | E10: =SUMPRODUCT(('ok PAQUETE 01 MXL'!A6:A212=A10)*1,('ok PAQUETE 01 MXL'!F6:F212="C")*1) -> 0 | F10: =SUM(C10:E10) -> 3 | G10: =SUMPRODUCT(('ok PAQUETE 01 MXL'!A6:A212=A10)*1,('ok PAQUETE 01 MXL'!H6:H212="IMPRESORA")*1) -> 3 | H10: =SUMPRODUCT(('ok PAQUETE 01 MXL'!A6:A212=A10)*1,('ok PAQUETE 01 MXL'!I6:I212="SCANER")*1) -> 2 | I10: =SUMPRODUCT(('ok PAQUETE 01 MXL'!A6:A212=A10)*1,('ok PAQUETE 01 MXL'!G6:G212="NUEVA")*1) -> 0 | J10: =SUMPRODUCT(('ok PAQUETE 01 MXL'!$A$6:$A$212=A10)*1,('ok PAQUETE 01 MXL'!$J$6:$J$212="COLOR")*1) -> 0 | L10: 08 | M10: DCEG | N10: =SUMPRODUCT(('ok PAQUETE 02 TJ'!A6:A177=L10)*1,('ok PAQUETE 02 TJ'!F6:F177="A")*1) -> 0 | O10: =SUMPRODUCT(('ok PAQUETE 02 TJ'!A6:A177=L10)*1,('ok PAQUETE 02 TJ'!F6:F177="B")*1) -> 1 | P10: =SUMPRODUCT(('ok PAQUETE 02 TJ'!A6:A177=L10)*1,('ok PAQUETE 02 TJ'!F6:F177="C")*1) -> 0 | Q10: =SUM(N10:P10) -> 1 | R10: =SUMPRODUCT(('ok PAQUETE 02 TJ'!A6:A178=L10)*1,('ok PAQUETE 02 TJ'!H6:H178="IMPRESORA")*1) -> 0 | S10: =SUMPRODUCT(('ok PAQUETE 02 TJ'!A6:A178=L10)*1,('ok PAQUETE 02 TJ'!I6:I178="SCANER")*1) -> 0 | T10: =SUMPRODUCT(('ok PAQUETE 02 TJ'!A6:A178=A10)*1,('ok PAQUETE 02 TJ'!G6:G178="NUEVA")*1) -> 0 | U10: =SUMPRODUCT(('ok PAQUETE 02 TJ'!$A$6:$A$178=A10)*1,('ok PAQUETE 02 TJ'!$J$6:$J$178="COLOR")*1) -> 0 | W10: 08 | X10: DCEG | Y10: =SUMPRODUCT(('ok PAQUETE 03 EDA'!A6:A70=W10)*1,('ok PAQUETE 03 EDA'!F6:F70="A")*1) -> 1 | Z10: =SUMPRODUCT(('ok PAQUETE 03 EDA'!A6:A70=W10)*1,('ok PAQUETE 03 EDA'!F6:F70="B")*1) -> 0 | AA10: =SUMPRODUCT(('ok PAQUETE 03 EDA'!A6:A70=W10)*1,('ok PAQUETE 03 EDA'!F6:F70="C")*1) -> 0 | AB10: =SUM(Y10:AA10) -> 1 | AC10: =SUMPRODUCT(('ok PAQUETE 03 EDA'!A6:A70=W10)*1,('ok PAQUETE 03 EDA'!H6:H70="IMPRESORA")*1) -> 1 | AD10: =SUMPRODUCT(('ok PAQUETE 03 EDA'!A6:A70=W10)*1,('ok PAQUETE 03 EDA'!I6:I70="SCANER")*1) -> 0 | AE10: =SUMPRODUCT(('ok PAQUETE 03 EDA'!A6:A70=A10)*1,('ok PAQUETE 03 EDA'!G6:G70="NUEVA")*1) -> 0 | AF10: =SUMPRODUCT(('ok PAQUETE 03 EDA'!$A$6:$A$79=W10)*1,('ok PAQUETE 03 EDA'!$J$6:$J$79="COLOR")*1) -> 0
A11: 09 | B11: PESCA | C11: =SUMPRODUCT(('ok PAQUETE 01 MXL'!A6:A212=A11)*1,('ok PAQUETE 01 MXL'!F6:F212="A")*1) -> 0 | D11: =SUMPRODUCT(('ok PAQUETE 01 MXL'!A6:A212=A11)*1,('ok PAQUETE 01 MXL'!F6:F212="B")*1) -> 0 | E11: =SUMPRODUCT(('ok PAQUETE 01 MXL'!A6:A212=A11)*1,('ok PAQUETE 01 MXL'!F6:F212="C")*1) -> 0 | F11: =SUM(C11:E11) -> 0 | G11: =SUMPRODUCT(('ok PAQUETE 01 MXL'!A6:A212=A11)*1,('ok PAQUETE 01 MXL'!H6:H212="IMPRESORA")*1) -> 0 | H11: =SUMPRODUCT(('ok PAQUETE 01 MXL'!A6:A212=A11)*1,('ok PAQUETE 01 MXL'!I6:I212="SCANER")*1) -> 0 | I11: =SUMPRODUCT(('ok PAQUETE 01 MXL'!A6:A212=A11)*1,('ok PAQUETE 01 MXL'!G6:G212="NUEVA")*1) -> 0 | J11: =SUMPRODUCT(('ok PAQUETE 01 MXL'!$A$6:$A$212=A11)*1,('ok PAQUETE 01 MXL'!$J$6:$J$212="COLOR")*1) -> 0 | L11: 09 | M11: PESCA | N11: =SUMPRODUCT(('ok PAQUETE 02 TJ'!A6:A177=L11)*1,('ok PAQUETE 02 TJ'!F6:F177="A")*1) -> 0 | O11: =SUMPRODUCT(('ok PAQUETE 02 TJ'!A6:A177=L11)*1,('ok PAQUETE 02 TJ'!F6:F177="B")*1) -> 0 | P11: =SUMPRODUCT(('ok PAQUETE 02 TJ'!A6:A177=L11)*1,('ok PAQUETE 02 TJ'!F6:F177="C")*1) -> 0 | Q11: =SUM(N11:P11) -> 0 | R11: =SUMPRODUCT(('ok PAQUETE 02 TJ'!A6:A178=L11)*1,('ok PAQUETE 02 TJ'!H6:H178="IMPRESORA")*1) -> 0 | S11: =SUMPRODUCT(('ok PAQUETE 02 TJ'!A6:A178=L11)*1,('ok PAQUETE 02 TJ'!I6:I178="SCANER")*1) -> 0 | T11: =SUMPRODUCT(('ok PAQUETE 02 TJ'!A6:A178=A11)*1,('ok PAQUETE 02 TJ'!G6:G178="NUEVA")*1) -> 0 | U11: =SUMPRODUCT(('ok PAQUETE 02 TJ'!$A$6:$A$178=A11)*1,('ok PAQUETE 02 TJ'!$J$6:$J$178="COLOR")*1) -> 0 | W11: 09 | X11: PESCA | Y11: =SUMPRODUCT(('ok PAQUETE 03 EDA'!A6:A70=W11)*1,('ok PAQUETE 03 EDA'!F6:F70="A")*1) -> 0 | Z11: =SUMPRODUCT(('ok PAQUETE 03 EDA'!A6:A70=W11)*1,('ok PAQUETE 03 EDA'!F6:F70="B")*1) -> 1 | AA11: =SUMPRODUCT(('ok PAQUETE 03 EDA'!A6:A70=W11)*1,('ok PAQUETE 03 EDA'!F6:F70="C")*1) -> 0 | AB11: =SUM(Y11:AA11) -> 1 | AC11: =SUMPRODUCT(('ok PAQUETE 03 EDA'!A6:A70=W11)*1,('ok PAQUETE 03 EDA'!H6:H70="IMPRESORA")*1) -> 0 | AD11: =SUMPRODUCT(('ok PAQUETE 03 EDA'!A6:A70=W11)*1,('ok PAQUETE 03 EDA'!I6:I70="SCANER")*1) -> 0 | AE11: =SUMPRODUCT(('ok PAQUETE 03 EDA'!A6:A70=A11)*1,('ok PAQUETE 03 EDA'!G6:G70="NUEVA")*1) -> 0 | AF11: =SUMPRODUCT(('ok PAQUETE 03 EDA'!$A$6:$A$79=W11)*1,('ok PAQUETE 03 EDA'!$J$6:$J$79="COLOR")*1) -> 0
A12: 10 | B12: SIDUE | C12: =SUMPRODUCT(('ok PAQUETE 01 MXL'!A6:A212=A12)*1,('ok PAQUETE 01 MXL'!F6:F212="A")*1) -> 12 | D12: =SUMPRODUCT(('ok PAQUETE 01 MXL'!A6:A212=A12)*1,('ok PAQUETE 01 MXL'!F6:F212="B")*1) -> 1 | E12: =SUMPRODUCT(('ok PAQUETE 01 MXL'!A6:A212=A12)*1,('ok PAQUETE 01 MXL'!F6:F212="C")*1) -> 0 | F12: =SUM(C12:E12) -> 13 | G12: =SUMPRODUCT(('ok PAQUETE 01 MXL'!A6:A212=A12)*1,('ok PAQUETE 01 MXL'!H6:H212="IMPRESORA")*1) -> 13 | H12: =SUMPRODUCT(('ok PAQUETE 01 MXL'!A6:A212=A12)*1,('ok PAQUETE 01 MXL'!I6:I212="SCANER")*1) -> 13 | I12: =SUMPRODUCT(('ok PAQUETE 01 MXL'!A6:A212=A12)*1,('ok PAQUETE 01 MXL'!G6:G212="NUEVA")*1) -> 0 | J12: =SUMPRODUCT(('ok PAQUETE 01 MXL'!$A$6:$A$212=A12)*1,('ok PAQUETE 01 MXL'!$J$6:$J$212="COLOR")*1) -> 0 | L12: 10 | M12: SIDUE | N12: =SUMPRODUCT(('ok PAQUETE 02 TJ'!A6:A177=L12)*1,('ok PAQUETE 02 TJ'!F6:F177="A")*1) -> 3 | O12: =SUMPRODUCT(('ok PAQUETE 02 TJ'!A6:A177=L12)*1,('ok PAQUETE 02 TJ'!F6:F177="B")*1) -> 0 | P12: =SUMPRODUCT(('ok PAQUETE 02 TJ'!A6:A177=L12)*1,('ok PAQUETE 02 TJ'!F6:F177="C")*1) -> 0 | Q12: =SUM(N12:P12) -> 3 | R12: =SUMPRODUCT(('ok PAQUETE 02 TJ'!A6:A178=L12)*1,('ok PAQUETE 02 TJ'!H6:H178="IMPRESORA")*1) -> 1 | S12: =SUMPRODUCT(('ok PAQUETE 02 TJ'!A6:A178=L12)*1,('ok PAQUETE 02 TJ'!I6:I178="SCANER")*1) -> 0 | T12: =SUMPRODUCT(('ok PAQUETE 02 TJ'!A6:A178=A12)*1,('ok PAQUETE 02 TJ'!G6:G178="NUEVA")*1) -> 0 | U12: =SUMPRODUCT(('ok PAQUETE 02 TJ'!$A$6:$A$178=A12)*1,('ok PAQUETE 02 TJ'!$J$6:$J$178="COLOR")*1) -> 0 | W12: 10 | X12: SIDUE | Y12: =SUMPRODUCT(('ok PAQUETE 03 EDA'!A6:A70=W12)*1,('ok PAQUETE 03 EDA'!F6:F70="A")*1) -> 0 | Z12: =SUMPRODUCT(('ok PAQUETE 03 EDA'!A6:A70=W12)*1,('ok PAQUETE 03 EDA'!F6:F70="B")*1) -> 1 | AA12: =SUMPRODUCT(('ok PAQUETE 03 EDA'!A6:A70=W12)*1,('ok PAQUETE 03 EDA'!F6:F70="C")*1) -> 0 | AB12: =SUM(Y12:AA12) -> 1 | AC12: =SUMPRODUCT(('ok PAQUETE 03 EDA'!A6:A70=W12)*1,('ok PAQUETE 03 EDA'!H6:H70="IMPRESORA")*1) -> 1 | AD12: =SUMPRODUCT(('ok PAQUETE 03 EDA'!A6:A70=W12)*1,('ok PAQUETE 03 EDA'!I6:I70="SCANER")*1) -> 0 | AE12: =SUMPRODUCT(('ok PAQUETE 03 EDA'!A6:A70=A12)*1,('ok PAQUETE 03 EDA'!G6:G70="NUEVA")*1) -> 0 | AF12: =SUMPRODUCT(('ok PAQUETE 03 EDA'!$A$6:$A$79=W12)*1,('ok PAQUETE 03 EDA'!$J$6:$J$79="COLOR")*1) -> 0
A13: 11 | B13: SEDECO | C13: =SUMPRODUCT(('ok PAQUETE 01 MXL'!A6:A212=A13)*1,('ok PAQUETE 01 MXL'!F6:F212="A")*1) -> 3 | D13: =SUMPRODUCT(('ok PAQUETE 01 MXL'!A6:A212=A13)*1,('ok PAQUETE 01 MXL'!F6:F212="B")*1) -> 0 | E13: =SUMPRODUCT(('ok PAQUETE 01 MXL'!A6:A212=A13)*1,('ok PAQUETE 01 MXL'!F6:F212="C")*1) -> 0 | F13: =SUM(C13:E13) -> 3 | G13: =SUMPRODUCT(('ok PAQUETE 01 MXL'!A6:A212=A13)*1,('ok PAQUETE 01 MXL'!H6:H212="IMPRESORA")*1) -> 0 | H13: =SUMPRODUCT(('ok PAQUETE 01 MXL'!A6:A212=A13)*1,('ok PAQUETE 01 MXL'!I6:I212="SCANER")*1) -> 0 | I13: =SUMPRODUCT(('ok PAQUETE 01 MXL'!A6:A212=A13)*1,('ok PAQUETE 01 MXL'!G6:G212="NUEVA")*1) -> 0 | J13: =SUMPRODUCT(('ok PAQUETE 01 MXL'!$A$6:$A$212=A13)*1,('ok PAQUETE 01 MXL'!$J$6:$J$212="COLOR")*1) -> 0 | L13: 11 | M13: SEDECO | N13: =SUMPRODUCT(('ok PAQUETE 02 TJ'!A6:A177=L13)*1,('ok PAQUETE 02 TJ'!F6:F177="A")*1) -> 2 | O13: =SUMPRODUCT(('ok PAQUETE 02 TJ'!A6:A177=L13)*1,('ok PAQUETE 02 TJ'!F6:F177="B")*1) -> 1 | P13: =SUMPRODUCT(('ok PAQUETE 02 TJ'!A6:A177=L13)*1,('ok PAQUETE 02 TJ'!F6:F177="C")*1) -> 0 | Q13: =SUM(N13:P13) -> 3 | R13: =SUMPRODUCT(('ok PAQUETE 02 TJ'!A6:A178=L13)*1,('ok PAQUETE 02 TJ'!H6:H178="IMPRESORA")*1) -> 1 | S13: =SUMPRODUCT(('ok PAQUETE 02 TJ'!A6:A178=L13)*1,('ok PAQUETE 02 TJ'!I6:I178="SCANER")*1) -> 0 | T13: =SUMPRODUCT(('ok PAQUETE 02 TJ'!A6:A178=A13)*1,('ok PAQUETE 02 TJ'!G6:G178="NUEVA")*1) -> 0 | U13: =SUMPRODUCT(('ok PAQUETE 02 TJ'!$A$6:$A$178=A13)*1,('ok PAQUETE 02 TJ'!$J$6:$J$178="COLOR")*1) -> 0 | W13: 11 | X13: SEDECO | Y13: =SUMPRODUCT(('ok PAQUETE 03 EDA'!A6:A70=W13)*1,('ok PAQUETE 03 EDA'!F6:F70="A")*1) -> 0 | Z13: =SUMPRODUCT(('ok PAQUETE 03 EDA'!A6:A70=W13)*1,('ok PAQUETE 03 EDA'!F6:F70="B")*1) -> 1 | AA13: =SUMPRODUCT(('ok PAQUETE 03 EDA'!A6:A70=W13)*1,('ok PAQUETE 03 EDA'!F6:F70="C")*1) -> 0 | AB13: =SUM(Y13:AA13) -> 1 | AC13: =SUMPRODUCT(('ok PAQUETE 03 EDA'!A6:A70=W13)*1,('ok PAQUETE 03 EDA'!H6:H70="IMPRESORA")*1) -> 0 | AD13: =SUMPRODUCT(('ok PAQUETE 03 EDA'!A6:A70=W13)*1,('ok PAQUETE 03 EDA'!I6:I70="SCANER")*1) -> 0 | AE13: =SUMPRODUCT(('ok PAQUETE 03 EDA'!A6:A70=A13)*1,('ok PAQUETE 03 EDA'!G6:G70="NUEVA")*1) -> 1 | AF13: =SUMPRODUCT(('ok PAQUETE 03 EDA'!$A$6:$A$79=W13)*1,('ok PAQUETE 03 EDA'!$J$6:$J$79="COLOR")*1) -> 0
A14: 12 | B14: SEFOA | C14: =SUMPRODUCT(('ok PAQUETE 01 MXL'!A6:A212=A14)*1,('ok PAQUETE 01 MXL'!F6:F212="A")*1) -> 1 | D14: =SUMPRODUCT(('ok PAQUETE 01 MXL'!A6:A212=A14)*1,('ok PAQUETE 01 MXL'!F6:F212="B")*1) -> 0 | E14: =SUMPRODUCT(('ok PAQUETE 01 MXL'!A6:A212=A14)*1,('ok PAQUETE 01 MXL'!F6:F212="C")*1) -> 1 | F14: =SUM(C14:E14) -> 2 | G14: =SUMPRODUCT(('ok PAQUETE 01 MXL'!A6:A212=A14)*1,('ok PAQUETE 01 MXL'!H6:H212="IMPRESORA")*1) -> 0 | H14: =SUMPRODUCT(('ok PAQUETE 01 MXL'!A6:A212=A14)*1,('ok PAQUETE 01 MXL'!I6:I212="SCANER")*1) -> 0 | I14: =SUMPRODUCT(('ok PAQUETE 01 MXL'!A6:A212=A14)*1,('ok PAQUETE 01 MXL'!G6:G212="NUEVA")*1) -> 1 | J14: =SUMPRODUCT(('ok PAQUETE 01 MXL'!$A$6:$A$212=A14)*1,('ok PAQUETE 01 MXL'!$J$6:$J$212="COLOR")*1) -> 0 | L14: 12 | M14: SEFOA | N14: =SUMPRODUCT(('ok PAQUETE 02 TJ'!A6:A177=L14)*1,('ok PAQUETE 02 TJ'!F6:F177="A")*1) -> 2 | O14: =SUMPRODUCT(('ok PAQUETE 02 TJ'!A6:A177=L14)*1,('ok PAQUETE 02 TJ'!F6:F177="B")*1) -> 0 | P14: =SUMPRODUCT(('ok PAQUETE 02 TJ'!A6:A177=L14)*1,('ok PAQUETE 02 TJ'!F6:F177="C")*1) -> 0 | Q14: =SUM(N14:P14) -> 2 | R14: =SUMPRODUCT(('ok PAQUETE 02 TJ'!A6:A178=L14)*1,('ok PAQUETE 02 TJ'!H6:H178="IMPRESORA")*1) -> 0 | S14: =SUMPRODUCT(('ok PAQUETE 02 TJ'!A6:A178=L14)*1,('ok PAQUETE 02 TJ'!I6:I178="SCANER")*1) -> 0 | T14: =SUMPRODUCT(('ok PAQUETE 02 TJ'!A6:A178=A14)*1,('ok PAQUETE 02 TJ'!G6:G178="NUEVA")*1) -> 0 | U14: =SUMPRODUCT(('ok PAQUETE 02 TJ'!$A$6:$A$178=A14)*1,('ok PAQUETE 02 TJ'!$J$6:$J$178="COLOR")*1) -> 0 | W14: 12 | X14: SEFOA | Y14: =SUMPRODUCT(('ok PAQUETE 03 EDA'!A6:A70=W14)*1,('ok PAQUETE 03 EDA'!F6:F70="A")*1) -> 1 | Z14: =SUMPRODUCT(('ok PAQUETE 03 EDA'!A6:A70=W14)*1,('ok PAQUETE 03 EDA'!F6:F70="B")*1) -> 1 | AA14: =SUMPRODUCT(('ok PAQUETE 03 EDA'!A6:A70=W14)*1,('ok PAQUETE 03 EDA'!F6:F70="C")*1) -> 0 | AB14: =SUM(Y14:AA14) -> 2 | AC14: =SUMPRODUCT(('ok PAQUETE 03 EDA'!A6:A70=W14)*1,('ok PAQUETE 03 EDA'!H6:H70="IMPRESORA")*1) -> 0 | AD14: =SUMPRODUCT(('ok PAQUETE 03 EDA'!A6:A70=W14)*1,('ok PAQUETE 03 EDA'!I6:I70="SCANER")*1) -> 0 | AE14: =SUMPRODUCT(('ok PAQUETE 03 EDA'!A6:A70=A14)*1,('ok PAQUETE 03 EDA'!G6:G70="NUEVA")*1) -> 0 | AF14: =SUMPRODUCT(('ok PAQUETE 03 EDA'!$A$6:$A$79=W14)*1,('ok PAQUETE 03 EDA'!$J$6:$J$79="COLOR")*1) -> 0
A15: 13 | B15: SECTURE | C15: =SUMPRODUCT(('ok PAQUETE 01 MXL'!A6:A212=A15)*1,('ok PAQUETE 01 MXL'!F6:F212="A")*1) -> 2 | D15: =SUMPRODUCT(('ok PAQUETE 01 MXL'!A6:A212=A15)*1,('ok PAQUETE 01 MXL'!F6:F212="B")*1) -> 0 | E15: =SUMPRODUCT(('ok PAQUETE 01 MXL'!A6:A212=A15)*1,('ok PAQUETE 01 MXL'!F6:F212="C")*1) -> 0 | F15: =SUM(C15:E15) -> 2 | G15: =SUMPRODUCT(('ok PAQUETE 01 MXL'!A6:A212=A15)*1,('ok PAQUETE 01 MXL'!H6:H212="IMPRESORA")*1) -> 0 | H15: =SUMPRODUCT(('ok PAQUETE 01 MXL'!A6:A212=A15)*1,('ok PAQUETE 01 MXL'!I6:I212="SCANER")*1) -> 0 | I15: =SUMPRODUCT(('ok PAQUETE 01 MXL'!A6:A212=A15)*1,('ok PAQUETE 01 MXL'!G6:G212="NUEVA")*1) -> 0 | J15: =SUMPRODUCT(('ok PAQUETE 01 MXL'!$A$6:$A$212=A15)*1,('ok PAQUETE 01 MXL'!$J$6:$J$212="COLOR")*1) -> 0 | L15: 13 | M15: SECTURE | N15: =SUMPRODUCT(('ok PAQUETE 02 TJ'!A6:A177=L15)*1,('ok PAQUETE 02 TJ'!F6:F177="A")*1) -> 5 | O15: =SUMPRODUCT(('ok PAQUETE 02 TJ'!A6:A177=L15)*1,('ok PAQUETE 02 TJ'!F6:F177="B")*1) -> 0 | P15: =SUMPRODUCT(('ok PAQUETE 02 TJ'!A6:A177=L15)*1,('ok PAQUETE 02 TJ'!F6:F177="C")*1) -> 0 | Q15: =SUM(N15:P15) -> 5 | R15: =SUMPRODUCT(('ok PAQUETE 02 TJ'!A6:A178=L15)*1,('ok PAQUETE 02 TJ'!H6:H178="IMPRESORA")*1) -> 5 | S15: =SUMPRODUCT(('ok PAQUETE 02 TJ'!A6:A178=L15)*1,('ok PAQUETE 02 TJ'!I6:I178="SCANER")*1) -> 5 | T15: =SUMPRODUCT(('ok PAQUETE 02 TJ'!A6:A178=A15)*1,('ok PAQUETE 02 TJ'!G6:G178="NUEVA")*1) -> 2 | U15: =SUMPRODUCT(('ok PAQUETE 02 TJ'!$A$6:$A$178=A15)*1,('ok PAQUETE 02 TJ'!$J$6:$J$178="COLOR")*1) -> 0 | W15: 13 | X15: SECTURE | Y15: =SUMPRODUCT(('ok PAQUETE 03 EDA'!A6:A70=W15)*1,('ok PAQUETE 03 EDA'!F6:F70="A")*1) -> 1 | Z15: =SUMPRODUCT(('ok PAQUETE 03 EDA'!A6:A70=W15)*1,('ok PAQUETE 03 EDA'!F6:F70="B")*1) -> 1 | AA15: =SUMPRODUCT(('ok PAQUETE 03 EDA'!A6:A70=W15)*1,('ok PAQUETE 03 EDA'!F6:F70="C")*1) -> 0 | AB15: =SUM(Y15:AA15) -> 2 | AC15: =SUMPRODUCT(('ok PAQUETE 03 EDA'!A6:A70=W15)*1,('ok PAQUETE 03 EDA'!H6:H70="IMPRESORA")*1) -> 2 | AD15: =SUMPRODUCT(('ok PAQUETE 03 EDA'!A6:A70=W15)*1,('ok PAQUETE 03 EDA'!I6:I70="SCANER")*1) -> 2 | AE15: =SUMPRODUCT(('ok PAQUETE 03 EDA'!A6:A70=A15)*1,('ok PAQUETE 03 EDA'!G6:G70="NUEVA")*1) -> 0 | AF15: =SUMPRODUCT(('ok PAQUETE 03 EDA'!$A$6:$A$79=W15)*1,('ok PAQUETE 03 EDA'!$J$6:$J$79="COLOR")*1) -> 0
A16: 14 | B16: S.E.B.S. | C16: =SUMPRODUCT(('ok PAQUETE 01 MXL'!A6:A212=A16)*1,('ok PAQUETE 01 MXL'!F6:F212="A")*1) -> 0 | D16: =SUMPRODUCT(('ok PAQUETE 01 MXL'!A6:A212=A16)*1,('ok PAQUETE 01 MXL'!F6:F212="B")*1) -> 2 | E16: =SUMPRODUCT(('ok PAQUETE 01 MXL'!A6:A212=A16)*1,('ok PAQUETE 01 MXL'!F6:F212="C")*1) -> 0 | F16: =SUM(C16:E16) -> 2 | G16: =SUMPRODUCT(('ok PAQUETE 01 MXL'!A7:A213=A16)*1,('ok PAQUETE 01 MXL'!H7:H213="IMPRESORA")*1) -> 2 | H16: =SUMPRODUCT(('ok PAQUETE 01 MXL'!A6:A212=A16)*1,('ok PAQUETE 01 MXL'!I6:I212="SCANER")*1) -> 0 | I16: =SUMPRODUCT(('ok PAQUETE 01 MXL'!A6:A212=A16)*1,('ok PAQUETE 01 MXL'!G6:G212="NUEVA")*1) -> 0 | J16: =SUMPRODUCT(('ok PAQUETE 01 MXL'!$A$6:$A$212=A16)*1,('ok PAQUETE 01 MXL'!$J$6:$J$212="COLOR")*1) -> 0 | L16: 14 | M16: S.E.B.S. | N16: =SUMPRODUCT(('ok PAQUETE 02 TJ'!A6:A177=L16)*1,('ok PAQUETE 02 TJ'!F6:F177="A")*1) -> 0 | O16: =SUMPRODUCT(('ok PAQUETE 02 TJ'!A6:A177=L16)*1,('ok PAQUETE 02 TJ'!F6:F177="B")*1) -> 1 | P16: =SUMPRODUCT(('ok PAQUETE 02 TJ'!A6:A177=L16)*1,('ok PAQUETE 02 TJ'!F6:F177="C")*1) -> 0 | Q16: =SUM(N16:P16) -> 1 | R16: =SUMPRODUCT(('ok PAQUETE 02 TJ'!A6:A178=L16)*1,('ok PAQUETE 02 TJ'!H6:H178="IMPRESORA")*1) -> 1 | S16: =SUMPRODUCT(('ok PAQUETE 02 TJ'!A6:A178=L16)*1,('ok PAQUETE 02 TJ'!I6:I178="SCANER")*1) -> 0 | T16: =SUMPRODUCT(('ok PAQUETE 02 TJ'!A6:A178=A16)*1,('ok PAQUETE 02 TJ'!G6:G178="NUEVA")*1) -> 0 | U16: =SUMPRODUCT(('ok PAQUETE 02 TJ'!$A$6:$A$178=A16)*1,('ok PAQUETE 02 TJ'!$J$6:$J$178="COLOR")*1) -> 0 | W16: 14 | X16: S.E.B.S. | AF16: =SUMPRODUCT(('ok PAQUETE 03 EDA'!$A$6:$A$79=W16)*1,('ok PAQUETE 03 EDA'!$J$6:$J$79="COLOR")*1) -> 0
A17: 15 | B17: SPA | C17: =SUMPRODUCT(('ok PAQUETE 01 MXL'!A6:A212=A17)*1,('ok PAQUETE 01 MXL'!F6:F212="A")*1) -> 1 | D17: =SUMPRODUCT(('ok PAQUETE 01 MXL'!A6:A212=A17)*1,('ok PAQUETE 01 MXL'!F6:F212="B")*1) -> 0 | E17: =SUMPRODUCT(('ok PAQUETE 01 MXL'!A6:A212=A17)*1,('ok PAQUETE 01 MXL'!F6:F212="C")*1) -> 0 | F17: =SUM(C17:E17) -> 1 | G17: =SUMPRODUCT(('ok PAQUETE 01 MXL'!A6:A212=A17)*1,('ok PAQUETE 01 MXL'!H6:H212="IMPRESORA")*1) -> 1 | H17: =SUMPRODUCT(('ok PAQUETE 01 MXL'!A6:A212=A17)*1,('ok PAQUETE 01 MXL'!I6:I212="SCANER")*1) -> 1 | I17: =SUMPRODUCT(('ok PAQUETE 01 MXL'!A6:A212=A17)*1,('ok PAQUETE 01 MXL'!G6:G212="NUEVA")*1) -> 0 | J17: =SUMPRODUCT(('ok PAQUETE 01 MXL'!$A$6:$A$212=A17)*1,('ok PAQUETE 01 MXL'!$J$6:$J$212="COLOR")*1) -> 0 | L17: 15 | M17: SPA | N17: =SUMPRODUCT(('ok PAQUETE 02 TJ'!A6:A177=L17)*1,('ok PAQUETE 02 TJ'!F6:F177="A")*1) -> 2 | O17: =SUMPRODUCT(('ok PAQUETE 02 TJ'!A6:A177=L17)*1,('ok PAQUETE 02 TJ'!F6:F177="B")*1) -> 0 | P17: =SUMPRODUCT(('ok PAQUETE 02 TJ'!A6:A177=L17)*1,('ok PAQUETE 02 TJ'!F6:F177="C")*1) -> 0 | Q17: =SUM(N17:P17) -> 2 | R17: =SUMPRODUCT(('ok PAQUETE 02 TJ'!A6:A178=L17)*1,('ok PAQUETE 02 TJ'!H6:H178="IMPRESORA")*1) -> 1 | S17: =SUMPRODUCT(('ok PAQUETE 02 TJ'!A6:A178=L17)*1,('ok PAQUETE 02 TJ'!I6:I178="SCANER")*1) -> 1 | T17: =SUMPRODUCT(('ok PAQUETE 02 TJ'!A6:A178=A17)*1,('ok PAQUETE 02 TJ'!G6:G178="NUEVA")*1) -> 0 | U17: =SUMPRODUCT(('ok PAQUETE 02 TJ'!$A$6:$A$178=A17)*1,('ok PAQUETE 02 TJ'!$J$6:$J$178="COLOR")*1) -> 0 | W17: 15 | X17: SPA | Y17: =SUMPRODUCT(('ok PAQUETE 03 EDA'!A6:A70=W17)*1,('ok PAQUETE 03 EDA'!F6:F70="A")*1) -> 1 | Z17: =SUMPRODUCT(('ok PAQUETE 03 EDA'!A6:A70=W17)*1,('ok PAQUETE 03 EDA'!F6:F70="B")*1) -> 0 | AA17: =SUMPRODUCT(('ok PAQUETE 03 EDA'!A6:A70=W17)*1,('ok PAQUETE 03 EDA'!F6:F70="C")*1) -> 0 | AB17: =SUM(Y17:AA17) -> 1 | AC17: =SUMPRODUCT(('ok PAQUETE 03 EDA'!A6:A70=W17)*1,('ok PAQUETE 03 EDA'!H6:H70="IMPRESORA")*1) -> 0 | AD17: =SUMPRODUCT(('ok PAQUETE 03 EDA'!A6:A70=W17)*1,('ok PAQUETE 03 EDA'!I6:I70="SCANER")*1) -> 0 | AE17: =SUMPRODUCT(('ok PAQUETE 03 EDA'!A6:A70=A17)*1,('ok PAQUETE 03 EDA'!G6:G70="NUEVA")*1) -> 0 | AF17: =SUMPRODUCT(('ok PAQUETE 03 EDA'!$A$6:$A$79=W17)*1,('ok PAQUETE 03 EDA'!$J$6:$J$79="COLOR")*1) -> 0
A18: 16 | B18: SEDESOE | C18: =SUMPRODUCT(('ok PAQUETE 01 MXL'!A6:A212=A18)*1,('ok PAQUETE 01 MXL'!F6:F212="A")*1) -> 2 | D18: =SUMPRODUCT(('ok PAQUETE 01 MXL'!A6:A212=A18)*1,('ok PAQUETE 01 MXL'!F6:F212="B")*1) -> 2 | E18: =SUMPRODUCT(('ok PAQUETE 01 MXL'!A6:A212=A18)*1,('ok PAQUETE 01 MXL'!F6:F212="C")*1) -> 0 | F18: =SUM(C18:E18) -> 4 | G18: =SUMPRODUCT(('ok PAQUETE 01 MXL'!A6:A212=A18)*1,('ok PAQUETE 01 MXL'!H6:H212="IMPRESORA")*1) -> 4 | H18: =SUMPRODUCT(('ok PAQUETE 01 MXL'!A6:A212=A18)*1,('ok PAQUETE 01 MXL'!I6:I212="SCANER")*1) -> 0 | I18: =SUMPRODUCT(('ok PAQUETE 01 MXL'!A6:A212=A18)*1,('ok PAQUETE 01 MXL'!G6:G212="NUEVA")*1) -> 0 | J18: =SUMPRODUCT(('ok PAQUETE 01 MXL'!$A$6:$A$212=A18)*1,('ok PAQUETE 01 MXL'!$J$6:$J$212="COLOR")*1) -> 0 | L18: 16 | M18: SEDESOE | N18: =SUMPRODUCT(('ok PAQUETE 02 TJ'!A6:A177=L18)*1,('ok PAQUETE 02 TJ'!F6:F177="A")*1) -> 3 | O18: =SUMPRODUCT(('ok PAQUETE 02 TJ'!A6:A177=L18)*1,('ok PAQUETE 02 TJ'!F6:F177="B")*1) -> 2 | P18: =SUMPRODUCT(('ok PAQUETE 02 TJ'!A6:A177=L18)*1,('ok PAQUETE 02 TJ'!F6:F177="C")*1) -> 0 | Q18: =SUM(N18:P18) -> 5 | R18: =SUMPRODUCT(('ok PAQUETE 02 TJ'!A6:A178=L18)*1,('ok PAQUETE 02 TJ'!H6:H178="IMPRESORA")*1) -> 3 | S18: =SUMPRODUCT(('ok PAQUETE 02 TJ'!A6:A178=L18)*1,('ok PAQUETE 02 TJ'!I6:I178="SCANER")*1) -> 1 | T18: =SUMPRODUCT(('ok PAQUETE 02 TJ'!A6:A178=A18)*1,('ok PAQUETE 02 TJ'!G6:G178="NUEVA")*1) -> 0 | U18: =SUMPRODUCT(('ok PAQUETE 02 TJ'!$A$6:$A$178=A18)*1,('ok PAQUETE 02 TJ'!$J$6:$J$178="COLOR")*1) -> 0 | W18: 16 | X18: SEDESOE | Y18: =SUMPRODUCT(('ok PAQUETE 03 EDA'!A6:A70=W18)*1,('ok PAQUETE 03 EDA'!F6:F70="A")*1) -> 1 | Z18: =SUMPRODUCT(('ok PAQUETE 03 EDA'!A6:A70=W18)*1,('ok PAQUETE 03 EDA'!F6:F70="B")*1) -> 2 | AA18: =SUMPRODUCT(('ok PAQUETE 03 EDA'!A6:A70=W18)*1,('ok PAQUETE 03 EDA'!F6:F70="C")*1) -> 0 | AB18: =SUM(Y18:AA18) -> 3 | AC18: =SUMPRODUCT(('ok PAQUETE 03 EDA'!A6:A70=W18)*1,('ok PAQUETE 03 EDA'!H6:H70="IMPRESORA")*1) -> 0 | AD18: =SUMPRODUCT(('ok PAQUETE 03 EDA'!A6:A70=W18)*1,('ok PAQUETE 03 EDA'!I6:I70="SCANER")*1) -> 0 | AE18: =SUMPRODUCT(('ok PAQUETE 03 EDA'!A6:A70=A18)*1,('ok PAQUETE 03 EDA'!G6:G70="NUEVA")*1) -> 0 | AF18: =SUMPRODUCT(('ok PAQUETE 03 EDA'!$A$6:$A$79=W18)*1,('ok PAQUETE 03 EDA'!$J$6:$J$79="COLOR")*1) -> 0
A19: 17 | B19: STPS | C19: =SUMPRODUCT(('ok PAQUETE 01 MXL'!A6:A212=A19)*1,('ok PAQUETE 01 MXL'!F6:F212="A")*1) -> 8 | D19: =SUMPRODUCT(('ok PAQUETE 01 MXL'!A6:A212=A19)*1,('ok PAQUETE 01 MXL'!F6:F212="B")*1) -> 1 | E19: =SUMPRODUCT(('ok PAQUETE 01 MXL'!A6:A212=A19)*1,('ok PAQUETE 01 MXL'!F6:F212="C")*1) -> 1 | F19: =SUM(C19:E19) -> 10 | G19: =SUMPRODUCT(('ok PAQUETE 01 MXL'!A6:A212=A19)*1,('ok PAQUETE 01 MXL'!H6:H212="IMPRESORA")*1) -> 3 | H19: =SUMPRODUCT(('ok PAQUETE 01 MXL'!A6:A212=A19)*1,('ok PAQUETE 01 MXL'!I6:I212="SCANER")*1) -> 1 | I19: =SUMPRODUCT(('ok PAQUETE 01 MXL'!A6:A212=A19)*1,('ok PAQUETE 01 MXL'!G6:G212="NUEVA")*1) -> 1 | J19: =SUMPRODUCT(('ok PAQUETE 01 MXL'!$A$6:$A$212=A19)*1,('ok PAQUETE 01 MXL'!$J$6:$J$212="COLOR")*1) -> 0 | L19: 17 | M19: STPS | N19: =SUMPRODUCT(('ok PAQUETE 02 TJ'!A6:A177=L19)*1,('ok PAQUETE 02 TJ'!F6:F177="A")*1) -> 4 | O19: =SUMPRODUCT(('ok PAQUETE 02 TJ'!A6:A177=L19)*1,('ok PAQUETE 02 TJ'!F6:F177="B")*1) -> 1 | P19: =SUMPRODUCT(('ok PAQUETE 02 TJ'!A6:A177=L19)*1,('ok PAQUETE 02 TJ'!F6:F177="C")*1) -> 1 | Q19: =SUM(N19:P19) -> 6 | R19: =SUMPRODUCT(('ok PAQUETE 02 TJ'!A6:A178=L19)*1,('ok PAQUETE 02 TJ'!H6:H178="IMPRESORA")*1) -> 0 | S19: =SUMPRODUCT(('ok PAQUETE 02 TJ'!A6:A178=L19)*1,('ok PAQUETE 02 TJ'!I6:I178="SCANER")*1) -> 0 | T19: =SUMPRODUCT(('ok PAQUETE 02 TJ'!A6:A178=A19)*1,('ok PAQUETE 02 TJ'!G6:G178="NUEVA")*1) -> 1 | U19: =SUMPRODUCT(('ok PAQUETE 02 TJ'!$A$6:$A$178=A19)*1,('ok PAQUETE 02 TJ'!$J$6:$J$178="COLOR")*1) -> 0 | W19: 17 | X19: STPS | Y19: =SUMPRODUCT(('ok PAQUETE 03 EDA'!A6:A70=W19)*1,('ok PAQUETE 03 EDA'!F6:F70="A")*1) -> 3 | Z19: =SUMPRODUCT(('ok PAQUETE 03 EDA'!A6:A70=W19)*1,('ok PAQUETE 03 EDA'!F6:F70="B")*1) -> 1 | AA19: =SUMPRODUCT(('ok PAQUETE 03 EDA'!A6:A70=W19)*1,('ok PAQUETE 03 EDA'!F6:F70="C")*1) -> 0 | AB19: =SUM(Y19:AA19) -> 4 | AC19: =SUMPRODUCT(('ok PAQUETE 03 EDA'!A6:A70=W19)*1,('ok PAQUETE 03 EDA'!H6:H70="IMPRESORA")*1) -> 1 | AD19: =SUMPRODUCT(('ok PAQUETE 03 EDA'!A6:A70=W19)*1,('ok PAQUETE 03 EDA'!I6:I70="SCANER")*1) -> 1 | AE19: =SUMPRODUCT(('ok PAQUETE 03 EDA'!A6:A70=A19)*1,('ok PAQUETE 03 EDA'!G6:G70="NUEVA")*1) -> 1 | AF19: =SUMPRODUCT(('ok PAQUETE 03 EDA'!$A$6:$A$79=W19)*1,('ok PAQUETE 03 EDA'!$J$6:$J$79="COLOR")*1) -> 0
A20: 18 | B20: RPPC | C20: =SUMPRODUCT(('ok PAQUETE 01 MXL'!A6:A212=A20)*1,('ok PAQUETE 01 MXL'!F6:F212="A")*1) -> 2 | D20: =SUMPRODUCT(('ok PAQUETE 01 MXL'!A6:A212=A20)*1,('ok PAQUETE 01 MXL'!F6:F212="B")*1) -> 0 | E20: =SUMPRODUCT(('ok PAQUETE 01 MXL'!A6:A212=A20)*1,('ok PAQUETE 01 MXL'!F6:F212="C")*1) -> 0 | F20: =SUM(C20:E20) -> 2 | G20: =SUMPRODUCT(('ok PAQUETE 01 MXL'!A6:A212=A20)*1,('ok PAQUETE 01 MXL'!H6:H212="IMPRESORA")*1) -> 0 | H20: =SUMPRODUCT(('ok PAQUETE 01 MXL'!A6:A212=A20)*1,('ok PAQUETE 01 MXL'!I6:I212="SCANER")*1) -> 0 | I20: =SUMPRODUCT(('ok PAQUETE 01 MXL'!A6:A212=A20)*1,('ok PAQUETE 01 MXL'!G6:G212="NUEVA")*1) -> 0 | J20: =SUMPRODUCT(('ok PAQUETE 01 MXL'!$A$6:$A$212=A20)*1,('ok PAQUETE 01 MXL'!$J$6:$J$212="COLOR")*1) -> 0 | L20: 18 | M20: RPPC | N20: =SUMPRODUCT(('ok PAQUETE 02 TJ'!A6:A177=L20)*1,('ok PAQUETE 02 TJ'!F6:F177="A")*1) -> 4 | O20: =SUMPRODUCT(('ok PAQUETE 02 TJ'!A6:A177=L20)*1,('ok PAQUETE 02 TJ'!F6:F177="B")*1) -> 0 | P20: =SUMPRODUCT(('ok PAQUETE 02 TJ'!A6:A177=L20)*1,('ok PAQUETE 02 TJ'!F6:F177="C")*1) -> 1 | Q20: =SUM(N20:P20) -> 5 | R20: =SUMPRODUCT(('ok PAQUETE 02 TJ'!A6:A178=L20)*1,('ok PAQUETE 02 TJ'!H6:H178="IMPRESORA")*1) -> 1 | S20: =SUMPRODUCT(('ok PAQUETE 02 TJ'!A6:A178=L20)*1,('ok PAQUETE 02 TJ'!I6:I178="SCANER")*1) -> 0 | T20: =SUMPRODUCT(('ok PAQUETE 02 TJ'!A6:A178=A20)*1,('ok PAQUETE 02 TJ'!G6:G178="NUEVA")*1) -> 1 | U20: =SUMPRODUCT(('ok PAQUETE 02 TJ'!$A$6:$A$178=A20)*1,('ok PAQUETE 02 TJ'!$J$6:$J$178="COLOR")*1) -> 0 | W20: 18 | X20: RPPC | Y20: =SUMPRODUCT(('ok PAQUETE 03 EDA'!A6:A79=W20)*1,('ok PAQUETE 03 EDA'!F6:F79="A")*1) -> 1 | Z20: =SUMPRODUCT(('ok PAQUETE 03 EDA'!A6:A79=W20)*1,('ok PAQUETE 03 EDA'!F6:F79="B")*1) -> 0 | AA20: =SUMPRODUCT(('ok PAQUETE 03 EDA'!A6:A79=W20)*1,('ok PAQUETE 03 EDA'!F6:F79="C")*1) -> 0 | AB20: =SUM(Y20:AA20) -> 1 | AC20: =SUMPRODUCT(('ok PAQUETE 03 EDA'!A6:A79=W20)*1,('ok PAQUETE 03 EDA'!H6:H79="IMPRESORA")*1) -> 0 | AD20: =SUMPRODUCT(('ok PAQUETE 03 EDA'!A6:A79=W20)*1,('ok PAQUETE 03 EDA'!I6:I79="SCANER")*1) -> 0 | AE20: =SUMPRODUCT(('ok PAQUETE 03 EDA'!A6:A79=A20)*1,('ok PAQUETE 03 EDA'!G6:G79="NUEVA")*1) -> 0 | AF20: =SUMPRODUCT(('ok PAQUETE 03 EDA'!$A$6:$A$79=W20)*1,('ok PAQUETE 03 EDA'!$J$6:$J$79="COLOR")*1) -> 0
A21: 21 | B21: SSPE | C21: =SUMPRODUCT(('ok PAQUETE 01 MXL'!A6:A212=A21)*1,('ok PAQUETE 01 MXL'!F6:F212="A")*1) -> 25 | D21: =SUMPRODUCT(('ok PAQUETE 01 MXL'!A6:A212=A21)*1,('ok PAQUETE 01 MXL'!F6:F212="B")*1) -> 2 | E21: =SUMPRODUCT(('ok PAQUETE 01 MXL'!A6:A212=A21)*1,('ok PAQUETE 01 MXL'!F6:F212="C")*1) -> 3 | F21: =SUM(C21:E21) -> 30 | G21: =SUMPRODUCT(('ok PAQUETE 01 MXL'!A6:A212=A21)*1,('ok PAQUETE 01 MXL'!H6:H212="IMPRESORA")*1) -> 3 | H21: =SUMPRODUCT(('ok PAQUETE 01 MXL'!A6:A212=A21)*1,('ok PAQUETE 01 MXL'!I6:I212="SCANER")*1) -> 0 | I21: =SUMPRODUCT(('ok PAQUETE 01 MXL'!A6:A212=A21)*1,('ok PAQUETE 01 MXL'!G6:G212="NUEVA")*1) -> 0 | J21: =SUMPRODUCT(('ok PAQUETE 01 MXL'!$A$6:$A$212=A21)*1,('ok PAQUETE 01 MXL'!$J$6:$J$212="COLOR")*1) -> 0 | L21: 21 | M21: SSPE | N21: =SUMPRODUCT(('ok PAQUETE 02 TJ'!A6:A178=L21)*1,('ok PAQUETE 02 TJ'!F6:F178="A")*1) -> 28 | O21: =SUMPRODUCT(('ok PAQUETE 02 TJ'!A6:A178=L21)*1,('ok PAQUETE 02 TJ'!F6:F178="B")*1) -> 5 | P21: =SUMPRODUCT(('ok PAQUETE 02 TJ'!A6:A178=L21)*1,('ok PAQUETE 02 TJ'!F6:F178="C")*1) -> 2 | Q21: =SUM(N21:P21) -> 35 | R21: =SUMPRODUCT(('ok PAQUETE 02 TJ'!A6:A178=L21)*1,('ok PAQUETE 02 TJ'!H6:H178="IMPRESORA")*1) -> 8 | S21: =SUMPRODUCT(('ok PAQUETE 02 TJ'!A6:A178=L21)*1,('ok PAQUETE 02 TJ'!I6:I178="SCANER")*1) -> 2 | T21: =SUMPRODUCT(('ok PAQUETE 02 TJ'!A6:A178=A21)*1,('ok PAQUETE 02 TJ'!G6:G178="NUEVA")*1) -> 1 | U21: =SUMPRODUCT(('ok PAQUETE 02 TJ'!$A$6:$A$178=A21)*1,('ok PAQUETE 02 TJ'!$J$6:$J$178="COLOR")*1) -> 0 | W21: 21 | X21: SSPE | Y21: =SUMPRODUCT(('ok PAQUETE 03 EDA'!A6:A79=W21)*1,('ok PAQUETE 03 EDA'!F6:F79="A")*1) -> 7 | Z21: =SUMPRODUCT(('ok PAQUETE 03 EDA'!A6:A79=W21)*1,('ok PAQUETE 03 EDA'!F6:F79="B")*1) -> 8 | AA21: =SUMPRODUCT(('ok PAQUETE 03 EDA'!A6:A70=W21)*1,('ok PAQUETE 03 EDA'!F6:F70="C")*1) -> 0 | AB21: =SUM(Y21:AA21) -> 15 | AC21: =SUMPRODUCT(('ok PAQUETE 03 EDA'!A6:A79=W21)*1,('ok PAQUETE 03 EDA'!H6:H79="IMPRESORA")*1) -> 3 | AD21: =SUMPRODUCT(('ok PAQUETE 03 EDA'!A6:A79=W21)*1,('ok PAQUETE 03 EDA'!I6:I79="SCANER")*1) -> 1 | AE21: =SUMPRODUCT(('ok PAQUETE 03 EDA'!A6:A79=A21)*1,('ok PAQUETE 03 EDA'!G6:G79="NUEVA")*1) -> 1 | AF21: =SUMPRODUCT(('ok PAQUETE 03 EDA'!$A$6:$A$79=W21)*1,('ok PAQUETE 03 EDA'!$J$6:$J$79="COLOR")*1) -> 0
A22: TOTAL | C22: =SUM(C5:C21) -> 163 | D22: =SUM(D5:D21) -> 30 | E22: =SUM(E5:E21) -> 14 | F22: =SUM(F5:F21) -> 207 | G22: =SUM(G5:G21) -> 78 | H22: =SUM(H5:H21) -> 48 | I22: =SUM(I5:I21) -> 21 | J22: =SUM(J5:J21) -> 1 | L22: TOTAL | N22: =SUM(N5:N21) -> 133 | O22: =SUM(O5:O21) -> 22 | P22: =SUM(P5:P21) -> 18 | Q22: =SUM(Q5:Q21) -> 173 | R22: =SUM(R5:R21) -> 77 | S22: =SUM(S5:S21) -> 23 | T22: =SUM(T5:T21) -> 18 | U22: =SUM(U5:U21) -> 3 | W22: TOTAL | Y22: =SUM(Y5:Y21) -> 43 | Z22: =SUM(Z5:Z21) -> 31 | AA22: =SUM(AA5:AA21) -> 0 | AB22: =SUM(AB5:AB21) -> 74 | AC22: =SUM(AC5:AC21) -> 27 | AD22: =SUM(AD5:AD21) -> 10 | AE22: =SUM(AE5:AE21) -> 8 | AF22: =SUM(AF5:AF21) -> 0
C23: ='ok PAQUETE 01 MXL'!F215 -> 163 | D23: ='ok PAQUETE 01 MXL'!F216 -> 30 | E23: ='ok PAQUETE 01 MXL'!F217 -> 14 | F23: ='ok PAQUETE 01 MXL'!F218 -> 207 | G23: ='ok PAQUETE 01 MXL'!H221 -> 78 | H23: ='ok PAQUETE 01 MXL'!H222 -> 48 | I23: ='ok PAQUETE 01 MXL'!G219 -> 21 | J23: ='ok PAQUETE 01 MXL'!F226 -> 1 | N23: ='ok PAQUETE 02 TJ'!F182 -> 133 | O23: ='ok PAQUETE 02 TJ'!F183 -> 22 | P23: ='ok PAQUETE 02 TJ'!F184 -> 18 | Q23: ='ok PAQUETE 02 TJ'!F185 -> 173 | R23: ='ok PAQUETE 02 TJ'!H188 -> 77 | S23: ='ok PAQUETE 02 TJ'!H189 -> 23 | T23: ='ok PAQUETE 02 TJ'!G186 -> 18 | U23: ='ok PAQUETE 02 TJ'!F193 -> 3 | Y23: ='ok PAQUETE 03 EDA'!F81 -> 43 | Z23: ='ok PAQUETE 03 EDA'!F82 -> 31 | AA23: ='ok PAQUETE 03 EDA'!F83 -> 0 | AB23: ='ok PAQUETE 03 EDA'!F84 -> 74 | AC23: ='ok PAQUETE 03 EDA'!H87 -> 27 | AD23: ='ok PAQUETE 03 EDA'!H88 -> 10 | AE23: ='ok PAQUETE 03 EDA'!G85 -> 8 | AF23: ='ok PAQUETE 03 EDA'!F93 -> 0
C24: =C22-C23 -> 0 | D24: =D22-D23 -> 0 | E24: =E22-E23 -> 0 | F24: =F22-F23 -> 0 | G24: =G22-G23 -> 0 | H24: =H22-H23 -> 0 | I24: =I22-I23 -> 0 | J24: =J22-J23 -> 0 | N24: =N22-N23 -> 0 | O24: =O22-O23 -> 0 | P24: =P22-P23 -> 0 | Q24: =Q22-Q23 -> 0 | R24: =R22-R23 -> 0 | S24: =S22-S23 -> 0 | T24: =T22-T23 -> 0 | U24: =U22-U23 -> 0 | Y24: =Y22-Y23 -> 0 | Z24: =Z22-Z23 -> 0 | AA24: =AA22-AA23 -> 0 | AB24: =AB22-AB23 -> 0 | AC24: =AC22-AC23 -> 0 | AD24: =AD22-AD23 -> 0 | AE24: =AE22-AE23 -> 0 | AF24: =AF22-AF23 -> 0
A25: TOTALES POR DEPENDENCIA
A26: 3 PAQUETES
A27: RAMO | C27: TIPO A | D27: TIPO B | E27: TIPO C | F27: TOTAL | G27: IMPR | H27: SCAN | I27: NUEVA | J27: NUEVA
A28: 03 | B28: PART | C28: =C5+N5+Y5 -> 7 | D28: =D5+O5+Z5 -> 4 | E28: =E5+P5+AA5 -> 3 | F28: =SUM(C28:E28) -> 14 | G28: =G5+R5+AC5 -> 6 | H28: =H5+S5+AD5 -> 3 | I28: =I5+T5+AE5 -> 4 | J28: =J5+U5+AF5 -> 0
A29: 04 | B29: SGG | C29: =C6+N6+Y6 -> 26 | D29: =D6+O6+Z6 -> 2 | E29: =E6+P6+AA6 -> 1 | F29: =SUM(C29:E29) -> 29 | G29: =G6+R6+AC6 -> 8 | H29: =H6+S6+AD6 -> 4 | I29: =I6+T6+AE6 -> 3 | J29: =J6+U6+AF6 -> 0
A30: 05 | B30: OMG | C30: =C7+N7+Y7 -> 24 | D30: =D7+O7+Z7 -> 5 | E30: =E7+P7+AA7 -> 6 | F30: =SUM(C30:E30) -> 35 | G30: =G7+R7+AC7 -> 35 | H30: =H7+S7+AD7 -> 35 | I30: =I7+T7+AE7 -> 8 | J30: =J7+U7+AF7 -> 4
A31: 06 | B31: PGJE | C31: =C8+N8+Y8 -> 131 | D31: =D8+O8+Z8 -> 22 | E31: =E8+P8+AA8 -> 4 | F31: =SUM(C31:E31) -> 157 | G31: =G8+R8+AC8 -> 58 | H31: =H8+S8+AD8 -> 6 | I31: =I8+T8+AE8 -> 12 | J31: =J8+U8+AF8 -> 0
A32: 07 | B32: SPF | C32: =C9+N9+Y9 -> 25 | D32: =D9+O9+Z9 -> 13 | E32: =E9+P9+AA9 -> 9 | F32: =SUM(C32:E32) -> 47 | G32: =G9+R9+AC9 -> 17 | H32: =H9+S9+AD9 -> 3 | I32: =I9+T9+AE9 -> 10 | J32: =J9+U9+AF9 -> 0
A33: 08 | B33: DCEG | C33: =C10+N10+Y10 -> 2 | D33: =D10+O10+Z10 -> 3 | E33: =E10+P10+AA10 -> 0 | F33: =SUM(C33:E33) -> 5 | G33: =G10+R10+AC10 -> 4 | H33: =H10+S10+AD10 -> 2 | I33: =I10+T10+AE10 -> 0 | J33: =J10+U10+AF10 -> 0
A34: 09 | B34: PESCA | C34: =C11+N11+Y11 -> 0 | D34: =D11+O11+Z11 -> 1 | E34: =E11+P11+AA11 -> 0 | F34: =SUM(C34:E34) -> 1 | G34: =G11+R11+AC11 -> 0 | H34: =H11+S11+AD11 -> 0 | I34: =I11+T11+AE11 -> 0 | J34: =J11+U11+AF11 -> 0
A35: 10 | B35: SIDUE | C35: =C12+N12+Y12 -> 15 | D35: =D12+O12+Z12 -> 2 | E35: =E12+P12+AA12 -> 0 | F35: =SUM(C35:E35) -> 17 | G35: =G12+R12+AC12 -> 15 | H35: =H12+S12+AD12 -> 13 | I35: =I12+T12+AE12 -> 0 | J35: =J12+U12+AF12 -> 0
A36: 11 | B36: SEDECO | C36: =C13+N13+Y13 -> 5 | D36: =D13+O13+Z13 -> 2 | E36: =E13+P13+AA13 -> 0 | F36: =SUM(C36:E36) -> 7 | G36: =G13+R13+AC13 -> 1 | H36: =H13+S13+AD13 -> 0 | I36: =I13+T13+AE13 -> 1 | J36: =J13+U13+AF13 -> 0
A37: 12 | B37: SEFOA | C37: =C14+N14+Y14 -> 4 | D37: =D14+O14+Z14 -> 1 | E37: =E14+P14+AA14 -> 1 | F37: =SUM(C37:E37) -> 6 | G37: =G14+R14+AC14 -> 0 | H37: =H14+S14+AD14 -> 0 | I37: =I14+T14+AE14 -> 1 | J37: =J14+U14+AF14 -> 0
A38: 13 | B38: SECTURE | C38: =C15+N15+Y15 -> 8 | D38: =D15+O15+Z15 -> 1 | E38: =E15+P15+AA15 -> 0 | F38: =SUM(C38:E38) -> 9 | G38: =G15+R15+AC15 -> 7 | H38: =H15+S15+AD15 -> 7 | I38: =I15+T15+AE15 -> 2 | J38: =J15+U15+AF15 -> 0
A39: 14 | B39: S.E.B.S. | C39: =C16+N16+Y16 -> 0 | D39: =D16+O16+Z16 -> 3 | E39: =E16+P16+AA16 -> 0 | F39: =SUM(C39:E39) -> 3 | G39: =G16+R16+AC16 -> 3 | H39: =H16+S16+AD16 -> 0 | I39: =I16+T16+AE16 -> 0 | J39: =J16+U16+AF16 -> 0
... A44: 21 | B44: SSPE | C44: =C21+N21+Y21 -> 60 | D44: =D21+O21+Z21 -> 15 | E44: =E21+P21+AA21 -> 5 | F44: =SUM(C44:E44) -> 80 | G44: =G21+R21+AC21 -> 14 | H44: =H21+S21+AD21 -> 3 | I44: =I21+T21+AE21 -> 2 | J44: =J21+U21+AF21 -> 0
A45: TOTAL | C45: =SUM(C28:C44) -> 339 | D45: =SUM(D28:D44) -> 83 | E45: =SUM(E28:E44) -> 32 | F45: =SUM(F28:F44) -> 454 | G45: =SUM(G28:G44) -> 182 | H45: =SUM(H28:H44) -> 81 | I45: =SUM(I28:I44) -> 47 | J45: =SUM(J28:J44) -> 4
I46: =I45/F45 -> 0.10352423
F47: =F22+Q22+AB22 -> 454

Sheet ok PAQUETE 01 MXL
A1: PAQUETE 1
A2: MEXICALI, VALLE Y SAN FELIPE
A3: Mayo 02 2018 a Mayo 02 2019
A5: RAMO | B5: DEPEND | C5: CD | D5: AREA | E5: UBICACION | F5: TIPO | G5: COND | H5: IMP | I5: SCAN | J5: COLOR
A6: 03 | B6: PART | C6: MEXICALI | D6: COMUNICACION SOCIAL MEXICALI (A) | E6: EDIF. PODER EJECUTIVO CENTRO CIVICO 3ER PISO | F6: A | H6: IMPRESORA | I6: SCANER
A7: 03 | B7: PART | C7: MEXICALI | D7: COMUNICACION SOCIAL MEXICALI (B) | E7: EDIF. PODER EJECUTIVO CENTRO CIVICO 3ER PISO | F7: A
A8: 03 | B8: PART | C8: MEXICALI | D8: OFICINA DEL EJECUTIVO (A) | E8: EDIF. PODER EJECUTIVO CENTRO CIVICO 3ER PISO | F8: A | G8: NUEVA
A9: 03 | B9: PART | C9: MEXICALI | D9: OFICINA DEL EJECUTIVO (B) | E9: EDIF. PODER EJECUTIVO CENTRO CIVICO 3ER PISO | F9: A
A10: 03 | B10: PART | C10: MEXICALI | D10: OFICINA DEL EJECUTIVO (D) | E10: EDIF. PODER EJECUTIVO CENTRO CIVICO 3ER PISO | F10: A
A11: 03 | B11: PART | C11: MEXICALI | D11: OFICINA DEL EJECUTIVO (F) | E11: EDIF. PODER EJECUTIVO CENTRO CIVICO 3ER PISO | F11: A
A12: 03 | B12: PART | C12: MEXICALI | D12: RELACIONES PUBLICAS | E12: EDIF. PODER EJECUTIVO CENTRO CIVICO 2DO PISO | F12: B | H12: IMPRESORA | I12: SCANER
A13: 04 | B13: SGG | C13: MEXICALI | D13: ARCHIVO GENERAL NOTARIAS (5) | E13: VISTAHERMOSA Y NAVOLATO | F13: A
A14: 04 | B14: SGG | C14: MEXICALI | D14: ARCHIVO GENERAL NOTARIAS (A) | E14: VISTAHERMOSA Y NAVOLATO | F14: A
A15: 04 | B15: SGG | C15: MEXICALI | D15: ARCHIVO GENERAL NOTARIAS (B) | E15: VISTAHERMOSA Y NAVOLATO | F15: A
A16: 04 | B16: SGG | C16: MEXICALI | D16: ARCHIVO GENERAL NOTARIAS (D) | E16: VISTAHERMOSA Y NAVOLATO | F16: A
A17: 04 | B17: SGG | C17: MEXICALI | D17: ASUNTOS LEGISLATIVOS | E17: PASAJE SAN MIGUEL 1090 C. CIVICO | F17: A
A18: 04 | B18: SGG | C18: MEXICALI | D18: DEFENSORIA OFICIO COORD PENAL - DEFENSORIA PUBLICA | E18: EDIF. NUEVO SISTEMA JUSTICIA (SEJAP) 3ER PISO | F18: A
A19: 04 | B19: SGG | C19: MEXICALI | D19: DIRECCION DE DEFENSORIA OFICIO (SISTEMA JUSTICIA) | E19: EDIF. NUEVO SISTEMA JUSTICIA (SEJAP) 1ER PISO | F19: A
A20: 04 | B20: SGG | C20: MEXICALI | D20: DIRECCION DEFENSORIA DE OFICIO | E20: EDIF. NUEVO SISTEMA JUSTICIA (SEJAP) 1ER PISO | F20: A
A21: 04 | B21: SGG | C21: MEXICALI | D21: DIRECCION ESTATAL Y PROYECTOS LEGISLATIVOS | E21: PASAJE SAN MIGUEL 1090 C. CIVICO | F21: A | H21: IMPRESORA | I21: SCANER
A22: 04 | B22: SGG | C22: MEXICALI | D22: DIRECCION JURIDICA CONTENCIOSA (A) | E22: EDIF. PODER EJECUTIVO CENTRO CIVICO 2DO PISO | F22: A
A23: 04 | B23: SGG | C23: MEXICALI | D23: DIRECCION JURIDICA CONTENCIOSA (B) | E23: EDIF. PODER EJECUTIVO CENTRO CIVICO 2DO PISO | F23: A | H23: IMPRESORA | I23: SCANER
A24: 04 | B24: SGG | C24: MEXICALI | D24: DIRECCION JURIDICA DE NORMATIVIDAD | E24: EDIF. PODER EJECUTIVO CENTRO CIVICO 2DO PISO | F24: A | G24: NUEVA | H24: IMPRESORA | I24: SCANER
A25: 04 | B25: SGG | C25: MEXICALI | D25: PROTECCION CIVIL | E25: LAGO WINNIPEG 441 JARDINES DEL LAGO | F25: A | H25: IMPRESORA
A26: 04 | B26: SGG | C26: MEXICALI | D26: REGISTRO CIVIL 1ER. PISO | E26: EDIF. PODER EJECUTIVO CENTRO CIVICO 1ER PISO | F26: A
A27: 04 | B27: SGG | C27: MEXICALI | D27: SECRETARIA GENERAL (A) | E27: EDIF. PODER EJECUTIVO CENTRO CIVICO 3ER PISO | F27: A
A28: 04 | B28: SGG | C28: MEXICALI | D28: SECRETARIA GENERAL (B) | E28: EDIF. PODER EJECUTIVO CENTRO CIVICO 3ER PISO | F28: A | G28: NUEVA
A29: 04 | B29: SGG | C29: MEXICALI | D29: SECRETARIA GENERAL PASAJE | E29: PASAJE SAN MIGUEL 1090 | F29: A | H29: IMPRESORA
A30: 04 | B30: SGG | C30: MEXICALI | D30: SUBSECRETARIA JURIDICA.DEL ESTADO - DIRECCION. JURIDICA DE ASESORIA AL EJEC. | E30: EDIF. PODER EJECUTIVO CENTRO CIVICO 2DO PISO | F30: A
A31: 05 | B31: OM | C31: MEXICALI | D31: ALMACEN GENERAL (A) | E31: MADERO # 1981 ENTRE K Y L | F31: A | H31: IMPRESORA | I31: SCANER
A32: 05 | B32: OM | C32: MEXICALI | D32: ALMACEN GENERAL (B) | E32: MADERO # 1981 ENTRE K Y L | F32: B | H32: IMPRESORA | I32: SCANER
A33: 05 | B33: OM | C33: MEXICALI | D33: ARCHIVO DE CONCENTRACION (A) | E33: VILLAHERMOSA Y NAVOLATO | F33: A | H33: IMPRESORA | I33: SCANER
A34: 05 | B34: OM | C34: MEXICALI | D34: ARCHIVO GENERAL PERIODICO OFICIAL | E34: EDIF. PODER EJECUTIVO CENTRO CIVICO SOTANO | F34: A | H34: IMPRESORA | I34: SCANER
A35: 05 | B35: OM | C35: MEXICALI | D35: ARCHIVO GENERAL PODER EJECUTIVO | E35: EDIF. PODER EJECUTIVO CENTRO CIVICO SOTANO | F35: A | H35: IMPRESORA | I35: SCANER
A36: 05 | B36: OM | C36: MEXICALI | D36: ARCHIVO HISTORICO | E36: REFORMA Y PEDRO F RAMIREZ | F36: C | H36: IMPRESORA | I36: SCANER
A37: 05 | B37: OM | C37: MEXICALI | D37: AREA DE MAGISTERIO (1) | E37: EDIF. PODER EJECUTIVO CENTRO CIVICO SOTANO PERIODICO OFICIAL | F37: B | H37: IMPRESORA | I37: SCANER
A38: 05 | B38: OM | C38: MEXICALI | D38: BIENES PATRIMONIALES | E38: EDIF. PODER EJECUTIVO CENTRO CIVICO 4TO PISO | F38: A | H38: IMPRESORA | I38: SCANER
A39: 05 | B39: OM | C39: MEXICALI | D39: BIENES PATRIMONIALES (2) | E39: VILLAHERMOSA Y NAVOLATO | F39: A | H39: IMPRESORA | I39: SCANER
A40: 05 | B40: OM | C40: MEXICALI | D40: DIRECCION DE NORMATIVIDAD. | E40: EDIF. PODER EJECUTIVO CENTRO CIVICO 2DO PISO | F40: B | G40: NUEVA | H40: IMPRESORA | I40: SCANER
A41: 05 | B41: OM | C41: MEXICALI | D41: CENPRODE | E41: PASAJES AUTLAN Y JANITZIO #1057 CENTRO CIVICO | F41: A | G41: NUEVA | H41: IMPRESORA | I41: SCANER
A42: 05 | B42: OM | C42: MEXICALI | D42: CENPRODE | E42: PASAJES AUTLAN Y JANITZIO #1057 CENTRO CIVICO | F42: A | G42: NUEVA | H42: IMPRESORA | I42: SCANER
A43: 05 | B43: OM | C43: MEXICALI | D43: INGENIERA Y MANTENIMIENTO | E43: EDIF. PODER EJECUTIVO CENTRO CIVICO SOTANO | F43: A | H43: IMPRESORA | I43: SCANER
A44: 05 | B44: OM | C44: MEXICALI | D44: SUBDIRECCION DE SERVICIOS | E44: EDIF. PODER EJECUTIVO CENTRO CIVICO SOTANO | F44: A | H44: IMPRESORA | I44: SCANER
A45: 05 | B45: OM | C45: MEXICALI | D45: OFICIALIA MAYOR (COMPRAS) | E45: EDIF. PODER EJECUTIVO CENTRO CIVICO 3ER PISO | F45: A | G45: NUEVA | H45: IMPRESORA | I45: SCANER
A46: 05 | B46: OM | C46: MEXICALI | D46: OFICIALIA MAYOR (PASILLO) | E46: EDIF. PODER EJECUTIVO CENTRO CIVICO 3ER PISO | F46: A | G46: NUEVA | H46: IMPRESORA | I46: SCANER
A47: 05 | B47: OM | C47: MEXICALI | D47: OFICIALIA MAYOR OFICINA DEL TITULAR | E47: EDIF. PODER EJECUTIVO CENTRO CIVICO 3ER PISO | F47: C | G47: NUEVA | H47: IMPRESORA | I47: SCANER
A48: 05 | B48: OM | C48: MEXICALI | D48: OFICIALIA MAYOR REC HUMANOS (PRESTACIONES) | E48: EDIF. PODER EJECUTIVO CENTRO CIVICO 1ER PISO | F48: A | H48: IMPRESORA | I48: SCANER
A49: 05 | B49: OM | C49: MEXICALI | D49: RELACIONES EXTERIORES | E49: CARRETERA MEXICALI-SAN LUIS GONZALEZ ORTEGA | F49: A | H49: IMPRESORA | I49: SCANER
A50: 05 | B50: OM | C50: MEXICALI | D50: SUBDIRECCION DE SERVICIOS | E50: EDIF. PODER EJECUTIVO CENTRO CIVICO SOTANO | F50: A | H50: IMPRESORA | I50: SCANER | J50: COLOR
A51: 05 | B51: OM | C51: MEXICALI | D51: TALLER MECANICO DEL ESTADO (A) | E51: RIO CULIACAN E IGN. COMONFORT # 968 COL. PROHOGAR | F51: A | H51: IMPRESORA | I51: SCANER
A52: 05 | B52: OM | C52: MEXICALI | D52: TALLER MECANICO DEL ESTADO (B) | E52: RIO CULIACAN E IGN. COMONFORT # 968 COL. PROHOGAR | F52: A | H52: IMPRESORA | I52: SCANER
A53: 05 | B53: OM | C53: MEXICALI | D53: TALLER MECANICO DEL ESTADO (B) | E53: RIO CULIACAN E IGNCOMONFORT # 968 COL. PROHOGAR | F53: A | H53: IMPRESORA | I53: SCANER
A54: 05 | B54: OM | C54: MEXICALI | D54: TALLERES GRAFICOS | E54: MADERO #1881 ENTRE K Y L | F54: A | H54: IMPRESORA | I54: SCANER
A55: 06 | B55: PGJE | C55: MEXICALI | D55: AGENCIA INVESTIGADORA DE DELITOS PATRIMONIO | E55: EIDF. PROCURADURIA PGJE (CIAC) 3ERO PISO | F55: A
A56: 06 | B56: PGJE | C56: MEXICALI | D56: AGENCIA INVESTIGADORA DE DELITOS PATRIMONIO (2) | E56: EIDF. PROCURADURIA PGJE (CIAC) 3ERO PISO | F56: A
A57: 06 | B57: PGJE | C57: MEXICALI | D57: AGENCIA MINISTERIO PUBLICO DAÑOS PATRIMONIALES ORIENTE | E57: CALLE ORTOSA ARENKITA FRACC. VALLE DEL PEDREGAL TURQUESA | F57: A
A58: 06 | B58: PGJE | C58: MEXICALI | D58: ROBOS ORIENTE | E58: CALLE ORTOSA ARENKITA FRACC. VALLE DEL PEDREGAL TURQUESA | F58: A
A59: 06 | B59: PGJE | C59: MEXICALI | D59: AGENCIA MINISTERIO PUBLICO DAÑOS PATRIMONIALES ORIENTE (2) | E59: CALLE ORTOSA ARENKITA FRACC. VALLE DEL PEDREGAL TURQUESA | F59: A
A60: 06 | B60: PGJE | C60: MEXICALI | D60: AGENCIA MINISTERIO PUBLICO ESPECIALIDAD ROBO VEHICULOS | E60: LAZARO CARDENAS ENTRE RIO NUEVO Y LOMBARDO TOLEDANO INFONAVIT CUCAPAH | F60: A
A61: 06 | B61: PGJE | C61: MEXICALI | D61: AGENCIA MINISTERIO PUBLICO UNIDAD RECEPTORA ANAHUAC | E61: ANAHUAC Y UNION A UN COSTADO DE COMANDANCIA MUNICIPAL | F61: A
A62: 06 | B62: PGJE | C62: MEXICALI | D62: AGENCIA MINISTERIO PUBLICO UNIDAD RECEPTORA ANAHUAC (2) | E62: BLVD. ANAHUAC Y UNION A UN COSTADO DE COMANDANCIA MUNICIPAL | F62: A
A63: 06 | B63: PGJE | C63: VALLE | D63: AGENCIA MINITERIAL PUBLICA CIUDAD MORELOS | E63: CALZADA LAZARO CARDENAS Y ALVARO OBREGON S/N CD. MORELOS | F63: A
A64: 06 | B64: PGJE | C64: MEXICALI | D64: ARCHIVO GENERAL | E64: EDIF. PODER EJECUTIVO CENTRO CIVICO SOTANO PERIODICO OFICIAL | F64: A | H64: IMPRESORA
A65: 06 | B65: PGJE | C65: MEXICALI | D65: ARCHIVO GENERAL (3) | E65: EDIF. PODER EJECUTIVO CENTRO CIVICO SOTANO PERIODICO OFICIAL | F65: A | H65: IMPRESORA
A66: 06 | B66: PGJE | C66: MEXICALI | D66: ATENCION NIÑOS Y ADOLESCENTES | E66: CALLE RIO COLORADO ENTRE HERMENEGILDO GALEANA Y JOSE MA. AGUAYO FRACC. LAS FUENTES | F66: A
A67: 06 | B67: PGJE | C67: MEXICALI | D67: COMANDANCIA POLICIA MINISTERIAL | E67: EIDF. PROCURADURIA PGJE (CIAC) EDIF. ATRAS 2DO PISO | F67: A
A68: 06 | B68: PGJE | C68: MEXICALI | D68: COMANDANCIA POLICIA MINISTERIAL NARCOMENUDEO | E68: RIO SABINA #20 ENTRE 5TA Y 6TA GONZALEZ ORTEGA | F68: B
A69: 06 | B69: PGJE | C69: MEXICALI | D69: COMUNICACION SOCIAL CIAC | E69: EIDF. PROCURADURIA PGJE (CIAC) 2DO PISO | F69: A
A70: 06 | B70: PGJE | C70: MEXICALI | D70: DIRECCION ATENCION A VICTIMAS DELITO | E70: EIDF. PROCURADURIA PGJE (CIAC) 1ER PISO | F70: A
A71: 06 | B71: PGJE | C71: MEXICALI | D71: DIRECCION AVERIGUACIONES PREVIAS (1) | E71: EDIF. PROCURADURIA PGJE (CIAC) 3ER PISO | F71: A
A72: 06 | B72: PGJE | C72: MEXICALI | D72: DIRECCION DE CAPITAL HUMANO DE LA PGJE | E72: EIDF. PROCURADURIA PGJE (CIAC) 3ER PISO | F72: B
A73: 06 | B73: PGJE | C73: MEXICALI | D73: DIRECCION DE JUSTICIA ALTERNATIVA PENAL | E73: EDIF. NUEVO SISTEMA JUSTICIA (SEJAP) 1ER PISO | F73: A
A74: 06 | B74: PGJE | C74: MEXICALI | D74: DIRECCION DE SERVICIOS ADMINISTRATIVOS | E74: EIDF. PROCURADURIA PGJE (CIAC) 4TO PISO | F74: A | G74: NUEVA
A75: 06 | B75: PGJE | C75: MEXICALI | D75: DIRECCION INSTITUTO CAPACITACION | E75: EIDF. PROCURADURIA PGJE (CIAC) 3ER PISO | F75: A
A76: 06 | B76: PGJE | C76: MEXICALI | D76: DIRECCION VISITADURIAS | E76: MADERO ENTRE C Y D EDIF. PGJE 1ER PISO | F76: A | H76: IMPRESORA
A77: 06 | B77: PGJE | C77: MEXICALI | D77: ESPECIALIZADA EN ADOLECENTES | E77: EIDF. PROCURADURIA PGJE (CIAC) EDIF. ATRAS 1ER PISO | F77: A
A78: 06 | B78: PGJE | C78: MEXICALI | D78: ESTRATEGIAS DEL CRIMEN | E78: EIDF. PROCURADURIA PGJE (CIAC) 4TO PISO | F78: A
A79: 06 | B79: PGJE | C79: MEXICALI | D79: GRUPO POLICIA MINISTERIAL APREHENSIONES | E79: EIDF. PROCURADURIA PGJE (CIAC) TRAILA ESTACIONAMIENTO | F79: B
A80: 06 | B80: PGJE | C80: MEXICALI | D80: HOMICIDIOS DOLOSOS | E80: AVE. YUGOSLAVIA | F80: A
A81: 06 | B81: PGJE | C81: MEXICALI | D81: HOMICIDIOS VIOLENTOS | E81: AVE. YUGOSLAVIA | F81: B
A82: 06 | B82: PGJE | C82: MEXICALI | D82: JEFATURA DE INFORMATICA RECURSOS MATERIALES | E82: EIDF. PROCURADURIA PGJE (CIAC) 4TO PISO | F82: A | H82: IMPRESORA
A83: 06 | B83: PGJE | C83: MEXICALI | D83: JEFATURA RECURSOS MATERIALES | E83: EIDF. PROCURADURIA PGJE (CIAC) 3ER PISO | F83: A | H83: IMPRESORA
A84: 06 | B84: PGJE | C84: MEXICALI | D84: JEFATURA VISITADURIA GENERAL | E84: MADERO ENTRE C Y D EDIF. PGJE 2DO PISO | F84: A
A85: 06 | B85: PGJE | C85: MEXICALI | D85: JUZGADO 4TO DE LO PENAL | E85: CALLE SUR BELLA VISTA | F85: A
A86: 06 | B86: PGJE | C86: MEXICALI | D86: M.P ADSC. AL TRIB. SUP. JUST. | E86: EDIF. PODER JUDICIAL 2DO PISO | F86: B
A87: 06 | B87: PGJE | C87: VALLE | D87: MINISTERIO PUBLICO GUADALUPE VICTORIA SEJAP (A) | E87: CALLE 8 AVE. INSURGENTES, GPE VICTORIA | F87: C | G87: NUEVA
A88: 06 | B88: PGJE | C88: VALLE | D88: MINISTERIO PUBLICO GUADALUPE VICTORIA SEJAP (B) | E88: CALLE 8 AVE. INSURGENTES, GPE VICTORIA | F88: A
A89: 06 | B89: PGJE | C89: MEXICALI | D89: NARCOMENUDEO (1) | E89: RIO SABINA #20 ENTRE 5TA Y 6TA GONZALEZ ORTEGA | F89: A
A90: 06 | B90: PGJE | C90: MEXICALI | D90: OFICINA DEL TITULAR CIAC | E90: EIDF. PROCURADURIA PGJE (CIAC) 4TO PISO | F90: C | G90: NUEVA
A91: 06 | B91: PGJE | C91: MEXICALI | D91: PROCURADURIA JUSTICIA DIRECCION JURIDICA | E91: EIDF. PROCURADURIA PGJE (CIAC) 2DO PISO | F91: A | G91: NUEVA
A92: 06 | B92: PGJE | C92: MEXICALI | D92: PROCURADURIA JUSTICIA DIRECCION JURIDICA (B) | E92: EDIF. PROCURADURIA PGJE (CIAC) 2DO PISO | F92: A
A93: 06 | B93: PGJE | C93: VALLE | D93: SEJAP CENTRO ORIENTE | E93: CALLE ORTOSA ARENKITA FRACC. VALLE DEL PEDREGAL TURQUESA | F93: C | G93: NUEVA
A94: 06 | B94: PGJE | C94: MEXICALI | D94: SERVICIOS PERICIALES (A) | E94: EIDF. PROCURADURIA PGJE (CIAC) 2DO PISO | F94: A
A95: 06 | B95: PGJE | C95: MEXICALI | D95: SERVICIOS PERICIALES (B) | E95: EIDF. PROCURADURIA PGJE (CIAC) 2DO PISO | F95: A
A96: 06 | B96: PGJE | C96: MEXICALI | D96: SUBPROCURADURIA | E96: EIDF. PROCURADURIA PGJE (CIAC) 3ER PISO | F96: B
A97: 06 | B97: PGJE | C97: MEXICALI | D97: SUBPROCURADURIA (2) | E97: EIDF. PROCURADURIA PGJE (CIAC) 3ER PISO | F97: B
A98: 06 | B98: PGJE | C98: MEXICALI | D98: SUBPROCURADURIA DELINCUENCIA ORGANIZADA | E98: EIDF. PROCURADURIA PGJE (CIAC) EDIF. ATRAS 1ER PISO | F98: A
A99: 06 | B99: PGJE | C99: MEXICALI | D99: UNIDAD DE DELITOS CONTRA EL PATRIMONIO SOCIAL ESTADO Y JUSTICIA | E99: EDIF. NUEVO SISTEMA JUSTICIA (SEJAP) 2DO PISO | F99: A | G99: NUEVA
A100: 06 | B100: PGJE | C100: MEXICALI | D100: UNIDAD DE DELITOS CONTRA EL PATRIMONIO SOCIAL ESTADO Y JUSTICIA (2) | E100: EDIF. NUEVO SISTEMA JUSTICIA (SEJAP) 2DO PISO | F100: A
A101: 06 | B101: PGJE | C101: MEXICALI | D101: UNIDAD DE DELITOS CONTRA EL PATRIMONIO SOCIAL ESTADO Y JUSTICIA (A) | E101: EDIF. NUEVO SISTEMA JUSTICIA (SEJAP) 2DO PISO | F101: A
...

Sheet ok PAQUETE 02 TJ
A1: PAQUETE 2
A2: TIJUANA, TECATE Y ROSARITO
A3: Mayo 02 2018 a Mayo 02 2019
A5: RAMO | B5: DEPEND | C5: CD | D5: AREA | E5: UBICACION | F5: TIPO | G5: COND | H5: IMP | I5: SCAN | J5: COLOR
A6: 03 | B6: PART | C6: TIJUANA | D6: OFICINA Asesores del Gobernador | E6: VIA RAPIDA ORIENTE #10252 ZONA RIO | F6: A | H6: IMPRESORA | I6: SCANER
A7: 03 | B7: PART | C7: TIJUANA | D7: Secretaria Particular tercer Piso | E7: VIA RAPIDA ORIENTE #10252 ZONA RIO | F7: C | G7: NUEVA | H7: IMPRESORA
A8: 03 | B8: PART | C8: TIJUANA | D8: Direccion Relaciones Publicas | E8: VIA RAPIDA ORIENTE #10252 ZONA RIO | F8: C | G8: NUEVA
A9: 03 | B9: PART | C9: TIJUANA | D9: Comunicacion Social (B) | E9: VIA RAPIDA ORIENTE #10252 ZONA RIO | F9: C | G9: NUEVA
A10: 04 | B10: SGG | C10: TIJUANA | D10: Defensoria de Oficio | E10: CALLE 5TA #7951 ZONA CENTRO | F10: A
A11: 04 | B11: SGG | C11: TIJUANA | D11: Defensoria de Oficio | E11: VIA RAPIDA PONIENTE #15035 PLAZA MUNDO DIVERTIDO LOCAL 41 Y 43 | F11: A
A12: 04 | B12: SGG | C12: TIJUANA | D12: JURIDICO CONTENCIOSO 2DO PISO | E12: VIA RAPIDA ORIENTE #10252 ZONA RIO (2DO PISO) | F12: A
A13: 04 | B13: SGG | C13: TIJUANA | D13: Proteccion Civil TIJUANA | E13: PANFILO NATERA # 6400 COL. FRANCISCO VILLA | F13: C
A14: 04 | B14: SGG | C14: TIJUANA | D14: SUBSECRETARIA GENERAL | E14: VIA RAPIDA ORIENTE #10252 ZONA RIO | F14: B | H14: IMPRESORA
A15: 04 | B15: SGG | C15: ROSARITO | D15: Secretaria General De Gobierno | E15: AVE. JOSE HAROS AGUILAR #2004 FRACC. VILLA TURISTICA | F15: A
A16: 04 | B16: SGG | C16: TECATE | D16: SECRETARIA GENERAL TECATE | E16: BLVD. DEFENSORES B.C. Y CALZADA UNIVERSIDAD | F16: A
A17: 05 | B17: OM | C17: TIJUANA | D17: Oficialia Mayor Tercer Piso | E17: VIA RAPIDA ORIENTE #10252 ZONA RIO | F17: C | G17: NUEVA | H17: IMPRESORA | I17: SCANER
A18: 05 | B18: OM | C18: TIJUANA | D18: Oficialia Mayor Almacen | E18: CORONA DEL ROSAL S/N VIA RAPIDA PONIENTE. | F18: A | H18: IMPRESORA | I18: SCANER
A19: 05 | B19: OM | C19: TECATE | D19: OFICIALIA MAYOR TECATE | E19: BLVD. DEFENSORES B.C. Y CALZADA UNIVERSIDAD | F19: A | H19: IMPRESORA | I19: SCANER | J19: COLOR
A20: 05 | B20: OM | C20: TIJUANA | D20: Oficialia Mayor Inmuebles segundo piso | E20: VIA RAPIDA ORIENTE #10252 ZONA RIO | F20: C | H20: IMPRESORA | I20: SCANER
A21: 05 | B21: OM | C21: ROSARITO | D21: Oficialia Mayor Playas de Rosarito | E21: AVE. JOSE HAROS AGUILAR #2004 FRACC. VILLA TURISTICA | F21: A | H21: IMPRESORA | I21: SCANER
A22: 05 | B22: OM | C22: TIJUANA | D22: Bienes Inmuebles | E22: VIA RAPIDA ORIENTE #10252 ZONA RIO | F22: B | H22: IMPRESORA | I22: SCANER | J22: COLOR
A23: 05 | B23: OM | C23: TIJUANA | D23: INGENIERIA Y MANTENIMIENTO | E23: VIA RAPIDA ORIENTE #10252 ZONA RIO | F23: C | H23: IMPRESORA | I23: SCANER | J23: COLOR
A24: 05 | B24: OM | C24: TIJUANA | D24: PERIODICO OFICIAL | E24: VIA RAPIDA ORIENTE #10252 ZONA RIO | F24: C | H24: IMPRESORA | I24: SCANER
A25: 06 | B25: PGJE | C25: TIJUANA | D25: ADSCRITO CONTROL DE PROCESOS | E25: CALLE FUERZA AEREA, ACACIA Y ALAMO COLONIA CENTRO URBANO | F25: A
A26: 06 | B26: PGJE | C26: TIJUANA | D26: AGENCIA INVESTIGADORA ADOLECENTES (1) | E26: LA MESA | F26: A | H26: IMPRESORA | I26: SCANER
A27: 06 | B27: PGJE | C27: TIJUANA | D27: AGENCIA INVESTIGADORA ADOLESCENTES LA MESA (1) | E27: LA MESA | F27: A | H27: IMPRESORA
A28: 06 | B28: PGJE | C28: TIJUANA | D28: AGENCIA MINISTERIO PUBLICO ROBO DE VEHICULOS | E28: AVE. PROLONGACION MURUA S/N COL. CHAPULTEPEC ALAMAR | F28: A
A29: 06 | B29: PGJE | C29: TIJUANA | D29: ANTISECUESTROS (A) | E29: PARQUE AZTECA S/N SECC. JARDINES FRACC. PLAYAS | F29: A
A30: 06 | B30: PGJE | C30: TIJUANA | D30: ANTISECUESTROS (B) | E30: PARQUE AZTECA S/N SECC. JARDINES FRACC. PLAYAS | F30: A
A31: 06 | B31: PGJE | C31: TIJUANA | D31: ASUNTOS INTERNOS VISITADURIA | E31: BLVD. DIAZ ORDAZ #12649 PLAZA PATRIA L 4-6 | F31: A
A32: 06 | B32: PGJE | C32: TIJUANA | D32: CAPEA | E32: RIO SUCHIATE #10036 COL. REVOLUCION | F32: A | H32: IMPRESORA
A33: 06 | B33: PGJE | C33: TIJUANA | D33: CAPITAL HUMANO | E33: BLVD. SANCHEZ TABOADA # 9183 COL. SANCHEZ TABOADA | F33: A | G33: NUEVA | H33: IMPRESORA | I33: SCANER
A34: 06 | B34: PGJE | C34: TIJUANA | D34: DIRECCION ATENCION A VICTIMAS Y TESTIGOS | E34: BLVD. SANCHEZ TABOADA Y ESQ. CON AVE. RIO TIJUANA #10068, ZONA RIO | F34: C | G34: NUEVA
A35: 06 | B35: PGJE | C35: TIJUANA | D35: COMANDANCIA | E35: RIO SUCHIATE #10036 COL. REVOLUCION | F35: A
A36: 06 | B36: PGJE | C36: TIJUANA | D36: DELITOS SEXUALES | E36: BENTON | F36: B
A37: 06 | B37: PGJE | C37: TIJUANA | D37: DELITOS SEXUALES LA MESA (2) (1) | E37: LA MESA | F37: A | H37: IMPRESORA
A38: 06 | B38: PGJE | C38: ROSARITO | D38: DIRECCION AVERIGUACIONES PREVIAS | E38: JOSE HAROS AGUILAR # 2004 FRACC. VILLA TURISTICA | F38: B | H38: IMPRESORA
A39: 06 | B39: PGJE | C39: TIJUANA | D39: DIRECCION ATENCION VICTIMAS DELITO | E39: MIGUEL ALEMAN #2920 ESQUINA CON GOBERNADOR LUGO COL. GABILONDO | F39: A
A40: 06 | B40: PGJE | C40: TIJUANA | D40: Grupo APREHENCIONES | E40: RIO SUCHIATE #10036 COL. REVOLUCION | F40: A
A41: 06 | B41: PGJE | C41: TIJUANA | D41: HOMICIDIOS | E41: ZONA RIO | F41: B | H41: IMPRESORA
A42: 06 | B42: PGJE | C42: TIJUANA | D42: HOMICIDIOS DOLOSOS | E42: ZONA RIO | F42: A | H42: IMPRESORA
A43: 06 | B43: PGJE | C43: TIJUANA | D43: HOMICIDIOS | E43: PGJE VIA RAPIDA | F43: A | H43: IMPRESORA
A44: 06 | B44: PGJE | C44: TIJUANA | D44: HOMICIDIOS CULPOSOS - LA MESA (1) | E44: LA MESA | F44: A | H44: IMPRESORA
A45: 06 | B45: PGJE | C45: TIJUANA | D45: A.M.P. INVESTIGADORA DELITOS SEXUALES Y VIOLENCIA INTRAFAMILIAR | E45: ZONA RIO | F45: A | H45: IMPRESORA
A46: 06 | B46: PGJE | C46: TIJUANA | D46: A.M.P. INVESTIGADORA DELITOS SEXUALES Y VIOLENCIA INTRAFAMILIAR ADICIONAL | E46: ZONA RIO | F46: A | H46: IMPRESORA
A47: 06 | B47: PGJE | C47: TIJUANA | D47: DIRECCION DE SERVICIOS PERICIALES AREA PSICOLOGIA | E47: LA MESA | F47: A | H47: IMPRESORA
A48: 06 | B48: PGJE | C48: TIJUANA | D48: INSTITUTO DE CAPACITACION | E48: RIO COLORADO #10050 COL. REVOLUCION | F48: A | G48: NUEVA | H48: IMPRESORA | I48: SCANER
A49: 06 | B49: PGJE | C49: TIJUANA | D49: JUSTICIA ALTERNATIVA MARIANO MATAMOROS | E49: RUTA MARIANO MATAMOROS Y CATALINA GONZALEZ | F49: A
A50: 06 | B50: PGJE | C50: ROSARITO | D50: JUSTICIA POR ACUERDOS ROSARITO | E50: CALLE JOSE HAROS AGUILAR FRACC. VILLA TURISTICA, ROSARITO | F50: A | H50: IMPRESORA | I50: SCANER
A51: 06 | B51: PGJE | C51: TIJUANA | D51: LABORATORIO DE SERVICIOS PERICIALES | E51: RIO SUCHIATE #10036 COL. REVOLUCION | F51: A
A52: 06 | B52: PGJE | C52: TIJUANA | D52: MINISTERIO PUBLICO | E52: ZONA RIO | F52: A | H52: IMPRESORA
A53: 06 | B53: PGJE | C53: TECATE | D53: MINISTERIO PUBLICO CANALIZACION Y DELITOS SEXUALES | E53: CALLE ENSENADA #1028 COLINAS DE CACHUMAC, TECATE | F53: A
A54: 06 | B54: PGJE | C54: TIJUANA | D54: MINISTERIO PUBLICO DESPOJOS | E54: RIO SUCHIATE #10036 COL. REVOLUCION | F54: A | H54: IMPRESORA
A55: 06 | B55: PGJE | C55: TECATE | D55: MINISTERIO PUBLICO EL HONGO | E55: CALLE BENITO JUAREZ Y CALLE 5TA. POBLADO EL HONGO, TECATE | F55: A
A56: 06 | B56: PGJE | C56: TIJUANA | D56: MINISTERIO PUBLICO LA MESA | E56: PROLONGACION MURUA S/N COL. CHAPULTEPEC ALAMAR | F56: A
A57: 06 | B57: PGJE | C57: TIJUANA | D57: MINISTERIO PUBLICO LA MESA ADICIONAL | E57: PROLONGACION MURUA S/N COL. CHAPULTEPEC ALAMAR | F57: A | H57: IMPRESORA
A58: 06 | B58: PGJE | C58: TIJUANA | D58: MINISTERIO PUBLICO OTAY | E58: AVE. DEL PARQUE # 15 MESA DE OTAY | F58: B | H58: IMPRESORA
A59: 06 | B59: PGJE | C59: TIJUANA | D59: MINISTERIO PUBLICO ROSARITO | E59: CALLE JOSE HAROS AGUILAR FRACC. VILLA TURISTICA, ROSARITO | F59: A
A60: 06 | B60: PGJE | C60: TECATE | D60: MINISTERIO PUBLICO TECATE | E60: AVE. STA. ROSALIA #1000 FRACC. EL DESCANSO, TECATE | F60: A | H60: IMPRESORA
A61: 06 | B61: PGJE | C61: TECATE | D61: NUEVO SISTEMA DE JUSTICIA (2) (1) | E61: CALLEJON REFORMA #340, ZONA CENTRO | F61: A | H61: IMPRESORA
A62: 06 | B62: PGJE | C62: TECATE | D62: NUEVO SISTEMA DE JUSTICIA (2) (2) | E62: CALLEJON REFORMA #340, ZONA CENTRO | F62: A | H62: IMPRESORA
A63: 06 | B63: PGJE | C63: TIJUANA | D63: PATRIMONIALES (NONES) | E63: RIO SUCHIATE #10036 COL. REVOLUCION | F63: A
A64: 06 | B64: PGJE | C64: TIJUANA | D64: PATRIMONIALES (PARES) | E64: RIO SUCHIATE #10036 COL. REVOLUCION | F64: A
A65: 06 | B65: PGJE | C65: TIJUANA | D65: PATRIMONIALES MESA 1 Y 3 (1) | E65: RIO COLORADO #10030 L A Y B COL. REVOLUCION | F65: A
A66: 06 | B66: PGJE | C66: TIJUANA | D66: POLICIA MINISTERIAL ( HOMICIDIOS DOLOSOS NARCOMENUDEO) | E66: AVE. PROLONGACION MURUA S/N COL. CHAPULTEPEC ALAMAR | F66: A | H66: IMPRESORA
A67: 06 | B67: PGJE | C67: TIJUANA | D67: POLICIA MINISTERIAL ( LA MESA) | E67: AVE. PROLONGACION MURUA S/N COL. CHAPULTEPEC ALAMAR | F67: A
A68: 06 | B68: PGJE | C68: TIJUANA | D68: POLICIA MINISTERIAL (ROBO DE VEHICULOS) | E68: AVE. PROLONGACION MURUA S/N COL. CHAPULTEPEC ALAMAR | F68: A
A69: 06 | B69: PGJE | C69: TIJUANA | D69: POLICIA MINISTERIAL BENTON (DELITOS SEXUALES) (1) | E69: BENTON | F69: A
A70: 06 | B70: PGJE | C70: ROSARITO | D70: POLICIA MINISTERIAL DECLARACIONES | E70: JOSE HAROS AGUILAR # 2004 FRACC. VILLA TURISTICA | F70: A | H70: IMPRESORA
A71: 06 | B71: PGJE | C71: TIJUANA | D71: POLICIA MINISTERIAL HOMICIDIOS CULPOSOS (1) | E71: ZONA RIO | F71: B
A72: 06 | B72: PGJE | C72: TIJUANA | D72: POLICIA MINISTERIAL MARIANO (A) | E72: RUTA MARIANO MATAMOROS Y CATALINA GONZALEZ | F72: A | H72: IMPRESORA
A73: 06 | B73: PGJE | C73: TIJUANA | D73: POLICIA MINISTERIAL MARIANO (B) | E73: RUTA MARIANO MATAMOROS Y CATALINA GONZALEZ | F73: A | H73: IMPRESORA
A74: 06 | B74: PGJE | C74: TIJUANA | D74: POLICIA MINISTERIAL OTAY (1) | E74: AVE. DEL PARQUE NUMERO 15 MESA DE OTAY | F74: A | H74: IMPRESORA
A75: 06 | B75: PGJE | C75: TIJUANA | D75: POLICIA MINISTERIAL ROBO DOMICILIARIO (1) | E75: ZONA RIO | F75: B
A76: 06 | B76: PGJE | C76: TECATE | D76: POLICIA MINISTERIAL TECATE (A) | E76: AVE. STA. ROSALIA #1000 FRACC. EL DESCANSO, TECATE | F76: A
A77: 06 | B77: PGJE | C77: TECATE | D77: POLICIA MINISTERIAL TECATE (B) | E77: AVE. STA. ROSALIA #1000 FRACC. EL DESCANSO, TECATE | F77: A
A78: 06 | B78: PGJE | C78: TIJUANA | D78: PROCURADURIA GENERAL DE JUSTICIA DEL ESTADO - EDIFICIO 2 (1) | E78: PROLONGACION MURUA S/N COL. CHAPULTEPEC ALAMAR, LA MESA | F78: A | H78: IMPRESORA
A79: 06 | B79: PGJE | C79: TIJUANA | D79: PROCURADURIA GENERAL DE JUSTICIA DEL ESTADO - EDIFICIO 2A (1) | E79: PROLONGACION MURUA S/N COL. CHAPULTEPEC ALAMAR, LA MESA | F79: A | H79: IMPRESORA
A80: 06 | B80: PGJE | C80: TIJUANA | D80: PROCURADURIA GENERAL DE JUSTICIA DEL ESTADO - TRAILA (1) | E80: PROLONGACION MURUA S/N COL. CHAPULTEPEC ALAMAR, LA MESA | F80: A | H80: IMPRESORA
A81: 06 | B81: PGJE | C81: TIJUANA | D81: PROCURADURIA GENERAL DE JUSTICIA DEL ESTADO (A) (1) | E81: PROLONGACION MURUA S/N COL. CHAPULTEPEC ALAMAR, LA MESA | F81: A | H81: IMPRESORA
A82: 06 | B82: PGJE | C82: TIJUANA | D82: PROCURADURIA GENERAL DE JUSTICIA DEL ESTADO (B) (1) | E82: PROLONGACION MURUA S/N COL. CHAPULTEPEC ALAMAR, LA MESA | F82: A | H82: IMPRESORA
A83: 06 | B83: PGJE | C83: TIJUANA | D83: PROCURADURIA GENERAL DE JUSTICIA DEL ESTADO (C) (1) | E83: PROLONGACION MURUA S/N COL. CHAPULTEPEC ALAMAR, LA MESA | F83: A | H83: IMPRESORA
A84: 06 | B84: PGJE | C84: TIJUANA | D84: PROCURADURIA GENERAL DE JUSTICIA DEL ESTADO (D) (1) | E84: PROLONGACION MURUA S/N COL. CHAPULTEPEC ALAMAR, LA MESA | F84: A | H84: IMPRESORA
A85: 06 | B85: PGJE | C85: TIJUANA | D85: PROCURADURIA GENERAL DE JUSTICIA DEL ESTADO (E) (1) | E85: PROLONGACION MURUA S/N COL. CHAPULTEPEC ALAMAR, LA MESA | F85: A | H85: IMPRESORA
A86: 06 | B86: PGJE | C86: TIJUANA | D86: PUNTOS FIJOS | E86: RIO SUCHIATE #10036 COL. REVOLUCION | F86: A
A87: 06 | B87: PGJE | C87: TIJUANA | D87: SEJAP JUSTICIA ALTERNATIVA | E87: RIO SUCHIATE #10036 COL. REVOLUCION | F87: A
A88: 06 | B88: PGJE | C88: TIJUANA | D88: SERVICIOS PERICIALES TIJUANA | E88: AVE. PROLONGACION MURUA S/N COL. CHAPULTEPEC ALAMAR | F88: B
A89: 06 | B89: PGJE | C89: TIJUANA | D89: SEXUALES LA MESA (1) | E89: LA MESA | F89: A | H89: IMPRESORA
A90: 06 | B90: PGJE | C90: TIJUANA | D90: SEXUALES LA MESA (2) | E90: LA MESA | F90: A | H90: IMPRESORA
A91: 06 | B91: PGJE | C91: TIJUANA | D91: SITIO AFIS | E91: RIO SUCHIATE #10036 COL. REVOLUCION | F91: A
A92: 06 | B92: PGJE | C92: TIJUANA | D92: SUBPROCURADURIA TIJUANA | E92: RIO SUCHIATE #10036 COL. REVOLUCION | F92: A | H92: IMPRESORA
A93: 06 | B93: PGJE | C93: TIJUANA | D93: SUBPROCURADURIA TIJUANA (ADMINISTRATIVA) | E93: RIO SUCHIATE #10036 COL. REVOLUCION | F93: A
A94: 06 | B94: PGJE | C94: TIJUANA | D94: SUBPROCURADURIA TIJUANA (COMUNICACION SOCIAL) | E94: RIO SUCHIATE #10036 COL. REVOLUCION | F94: A
A95: 06 | B95: PGJE | C95: TIJUANA | D95: TRADICIONAL 2DO PISO | E95: ZON RIO | F95: A | H95: IMPRESORA
A96: 06 | B96: PGJE | C96: TIJUANA | D96: UNIDAD ORGANICA DE HOMICIDIOS DOLOSOS | E96: AVE. PROLONGACION MURUA S/N COL. CHAPULTEPEC ALAMAR | F96: B | H96: IMPRESORA
A97: 06 | B97: PGJE | C97: ROSARITO | D97: UNIDAD TRAMITACION MASIVA DE CAUSAS | E97: VILLA TURISTICA | F97: A | H97: IMPRESORA
A98: 06 | B98: PGJE | C98: TIJUANA | D98: UNIDAD ORGANICA ROBO DOMICILIARIO | E98: RIO SUCHIATE #10036 COL. REVOLUCION | F98: A | H98: IMPRESORA
A99: 07 | B99: SPF | C99: TIJUANA | D99: Auditoria Fiscal TIJUANA (B) | E99: VIA RAPIDA ORIENTE #10252 ZONA RIO | F99: C | H99: IMPRESORA
A100: 07 | B100: SPF | C100: TIJUANA | D100: Recaudacion de Rentas Mariano Matamoros | E100: AVE. VALLE DE LA TRINIDAD #5530 L-34 FRACC. LAS AMERICAS | F100: A | G100: NUEVA
A101: 07 | B101: SPF | C101: TECATE | D101: RECAUDACION RENTAS TECATE | E101: MISION SAN FRANCISCO S/N CENTRO GOBIERNO | F101: A | G101: NUEVA
...

Sheet ok PAQUETE 03 EDA
A1: PAQUETE 3 (SIN LIMITES DE COPIAS)
A2: ENSENADA Y SAN QUINTIN
A3: Mayo 02 2018 a Mayo 02 2019
A5: RAMO | B5: DEPEND | C5: CD | D5: AREA | E5: UBICACION | F5: TIPO | G5: COND | H5: IMP | I5: SCAN | J5: COLOR
A6: 03 | B6: PART | C6: ENSENADA | D6: SECRETARIA PARTICULAR EJECUTIVO (ENSENADA) | E6: CARR. ENS-LA PAZ #6500 EX EJIDO CHAPULTEPEC (CENTRO DE GOB) 3ER PISO | F6: B | H6: IMPRESORA
A7: 03 | B7: PART | C7: ENSENADA | D7: RELACIONES PUBLICAS (ENSENADA) | E7: CARR. ENS-LA PAZ #6500 EX EJIDO CHAPULTEPEC (CENTRO DE GOB) 3ER PISO | F7: B | H7: IMPRESORA
A8: 03 | B8: PART | C8: ENSENADA | D8: COMUNICACION SOCIAL (ENSENADA) | E8: CARR. ENS-LA PAZ #6500 EX EJIDO CHAPULTEPEC (CENTRO DE GOB) 3ER PISO | F8: B
A9: 04 | B9: SGG | C9: ENSENADA | D9: DEFENSORIA DE OFICIO (ENSENADA) (A) | E9: CALLE 9NA. E INSURGENTES COLONIA BUSTAMANTE | F9: A
A10: 04 | B10: SGG | C10: ENSENADA | D10: DEFENSORIA DE OFICIO (ENSENADA) (B) | E10: CALLE 9NA. E INSURGENTES COLONIA BUSTAMANTE | F10: B | H10: IMPRESORA
A11: 04 | B11: SGG | C11: ENSENADA | D11: PROTECCION CIVIL (ENSENADA) | E11: CALLE DECIMA S/N ENTRE RUIZ Y OBREGON | F11: A
A12: 04 | B12: SGG | C12: ENSENADA | D12: SEC. GENERAL DE GOBIERNO ENSENADA | E12: CARR. ENS-LA PAZ #6500 EX EJIDO CHAPULTEPEC (CENTRO DE GOB) | F12: A | G12: NUEVA | H12: IMPRESORA | I12: SCANER
A13: 05 | B13: OM | C13: ENSENADA | D13: OFICIALIA MAYOR (ENSENADA) | E13: CARR. ENS-LA PAZ #6500 EX EJIDO CHAPULTEPEC (CENTRO DE GOB) 2DO PISO | F13: A | H13: IMPRESORA | I13: SCANER
A14: 05 | B14: OM | C14: ENSENADA | D14: SRIA.GRAL.S.Q OFICIALIA MAYOR 0310821 | E14: CARR. ENS-LA PAZ #6500 EX EJIDO CHAPULTEPEC (CENTRO DE GOB) | F14: B | G14: NUEVA | H14: IMPRESORA | I14: SCANER
A15: 05 | B15: OM | C15: ENSENADA | D15: ALMACEN DEL ESTADO (ENSENADA) | E15: CALLE RUIZ Y 20 S/N COL EMPLEADOS | F15: A | H15: IMPRESORA | I15: SCANER
A16: 06 | B16: PGJE | C16: ENSENADA | D16: AGENCIA DEL MINISTERIO PUBLICO - SISTEMA TRADICIONAL | E16: CALLE 9NA. E INSURGENTES COL. BUSTAMANTE | F16: A | H16: IMPRESORA
A17: 06 | B17: PGJE | C17: ENSENADA | D17: AGENCIA DEL MP INVESTIGACION DE DELITOS PATRIMONIALES (1) | E17: EDIFICIO AVILA CAMACHO 2D0 PISO | F17: A | H17: IMPRESORA
A18: 06 | B18: PGJE | C18: ENSENADA | D18: AMP. FRANCISCO ZARCO | E18: BLVD. FRANCISCO ZARCO #147 | F18: A
A19: 06 | B19: PGJE | C19: ENSENADA | D19: AMP. FUERO COMUN INICIADORA (ENSENADA) | E19: CALLE 9NA Y ESPINOZA, ZONA CENTRO | F19: B | H19: IMPRESORA
A20: 06 | B20: PGJE | C20: ENSENADA | D20: AMP. MANEDERO | E20: CARR. ENSENADA LA BUFADORA KM 5 LOCAL 3 Y 4 MANEADERO PTE | F20: A
A21: 06 | B21: PGJE | C21: ENSENADA | D21: AMP. SAN QUINTIN | E21: SAN QUINTIN BC | F21: A
A22: 06 | B22: PGJE | C22: ENSENADA | D22: AMP. VALLE DE LA TRINIDAD | E22: CALLE KILIWAS S/N VALLE DE LA TRINIDAD | F22: B | G22: NUEVA
A23: 06 | B23: PGJE | C23: ENSENADA | D23: CONTROL DE PROCESOS (ENSENADA) | E23: CALLE 9NA E INSURGENTES #1192 COL. BUSTAMANTES | F23: A | H23: IMPRESORA
A24: 06 | B24: PGJE | C24: ENSENADA | D24: COORDINACION DE ATENCION A VICTIMAS Y TESTIGOS (1) | E24: SAN QUINTIN | F24: A
A25: 06 | B25: PGJE | C25: ENSENADA | D25: DELITOS CULPOSOS (ENSENADA) | E25: MANUEL AVILA CAMACHO S/N PRADERAS DEL CIPRES EDIFICIO A | F25: A
A26: 06 | B26: PGJE | C26: ENSENADA | D26: DIRECCION ADMINISTRATIVA (ENSENADA) | E26: MANUEL AVILA CAMACHO S/N PRADERAS DEL CIPRES EDIFICIO E | F26: A
A27: 06 | B27: PGJE | C27: ENSENADA | D27: DIRECCION DE AVERIGUACIONES PREVIAS | E27: CALLE 9NA Y BUSTAMANTE S/N PRIMER PISO | F27: A | H27: IMPRESORA
A28: 06 | B28: PGJE | C28: ENSENADA | D28: INST. DE CAPACITACION (ENSENADA) | E28: MANUEL AVILA CAMACHO S/N PRADERAS DEL CIPRES EDIFICIO L | F28: A
A29: 06 | B29: PGJE | C29: ENSENADA | D29: MEDIACION SEJAP | E29: CALLE 9NA. E INSURGENTES COL. BUSTAMANTE | F29: B
A30: 06 | B30: PGJE | C30: ENSENADA | D30: POLICIA MINISTERIAL (ENSENADA) | E30: MANUEL AVILA CAMACHO S/N PRADERAS DEL CIPRES EDIFICIO J | F30: A
A31: 06 | B31: PGJE | C31: ENSENADA | D31: SERVICIOS PERICIALES (ENSENADA) | E31: MANUEL AVILA CAMACHO S/N PRADERAS DEL CIPRES EDIFICIO A | F31: A | G31: NUEVA
A32: 06 | B32: PGJE | C32: SAN QUINTIN | D32: SISTEMA TRADICIONAL | E32: ESPALDAS DE LA AGENCIA DEL MINISTERIO PUBLICO | F32: A | H32: IMPRESORA
A33: 06 | B33: PGJE | C33: ENSENADA | D33: SUBPROCURADURIA DEL ESTADO (ENSENADA) | E33: MANUEL AVILA CAMACHO S/N PRADERAS DEL CIPRES EDIFICIO E | F33: A
A34: 06 | B34: PGJE | C34: ENSENADA | D34: UNIDAD CONTRA LA VIDA Y LA INTEGRIDAD DE LAS PERSONAS | E34: EDIFICIO DE SEGURIDAD PUBLICA, PRADERAS DEL CIPRES | F34: A
A35: 06 | B35: PGJE | C35: ENSENADA | D35: AREA MANTENIMIENTO VEHICULAR | E35: EDIFICIO DE SEGURIDAD PUBLICA, PRADERAS DEL CIPRES | F35: A
A36: 06 | B36: PGJE | C36: ENSENADA | D36: UNIDAD CONTRA LA LIBERTAD SEXUAL Y LA FAMILIA | E36: MANUEL AVILA CAMACHO S/N COL. PRADERAS DEL CIPRES | F36: B | H36: IMPRESORA
A37: 06 | B37: PGJE | C37: ENSENADA | D37: UNIDAD CONTRA ROBOS | E37: CALLE 9NA. E INSURGENTES COL. BUSTAMANTE | F37: A
A38: 06 | B38: PGJE | C38: ENSENADA | D38: UNIDAD DE INVESTIGACION DE DELISTOS CONTRA ADOLESCENTES | E38: MANUEL AVILA CAMACHO S/N COL. PRADERAS DEL CIPRES | F38: A | H38: IMPRESORA
A39: 06 | B39: PGJE | C39: ENSENADA | D39: UNIDAD DE ORIENTACION Y ATENCION TEMPRANA | E39: CALLE 9NA. E INSURGENTES COL. BUSTAMANTE | F39: A | H39: IMPRESORA | I39: SCANER
A40: 06 | B40: PGJE | C40: ENSENADA | D40: UNIDAD DE TRAMITACION MASIVA DE CAUSAS | E40: CALLE 9NA. E INSURGENTES COL. BUSTAMANTE | F40: A | H40: IMPRESORA
A41: 06 | B41: PGJE | C41: ENSENADA | D41: VICTIMAS DEL DELITO (ENSENADA) | E41: MANUEL AVILA CAMACHO S/N COL. PRADERAS DEL CIPRES | F41: B
A42: 06 | B42: PGJE | C42: ENSENADA | D42: VISITADURIA GRAL ANTES ASUNTOS INTERNOS (ENSENADA) | E42: CALLE CORAL #1187 COL. BUSTAMANTE | F42: B | H42: IMPRESORA | I42: SCANER
A43: 07 | B43: SPF | C43: ENSENADA | D43: AUDITORIA FISCAL (ENSENADA) | E43: CARR. ENS-LA PAZ #6500 EX EJIDO CHAPULTEPEC (CENTRO DE GOB) | F43: B
A44: 07 | B44: SPF | C44: ENSENADA | D44: RECAUDACION AUX. RENTAS ENSENADA | E44: CARR. ENS-LA PAZ #6500 EX EJIDO CHAPULTEPEC (CENTRO DE GOB) | F44: A
A45: 07 | B45: SPF | C45: ENSENADA | D45: RECAUDACION AUX. RENTAS ENSENADA (PLACAS) | E45: CARR. ENS-LA PAZ #6500 EX EJIDO CHAPULTEPEC (CENTRO DE GOB) | F45: B | G45: NUEVA
A46: 07 | B46: SPF | C46: ENSENADA | D46: CENCAFI (ENSENADA) | E46: CARR. ENS-LA PAZ #6500 EX EJIDO CHAPULTEPEC (CENTRO DE GOB) 3ER PISO | F46: B | H46: IMPRESORA
A47: 07 | B47: SPF | C47: ENSENADA | D47: RECAUDACION AUX. RENTAS S. QUINTIN | E47: CARR. TRANSPENINSULAR CENTRO DE GOBIERNO SAN QUINTIN | F47: B
A48: 08 | B48: DCEG | C48: ENSENADA | D48: SCTG - DELEGACION ZONA COSTA (CONTRALORIA) | E48: CARR. ENS-LA PAZ #6500 EX EJIDO CHAPULTEPEC (CENTRO DE GOB) | F48: A | H48: IMPRESORA
A49: 09 | B49: SEPESCA | C49: ENSENADA | D49: SEPESCA | E49: CARR. ENS-LA PAZ #6500 EX EJIDO CHAPULTEPEC (CENTRO DE GOB) | F49: B
A50: 10 | B50: SIDUE | C50: ENSENADA | D50: SIDUE (ENSENADA) | E50: CARR. ENS-LA PAZ #6500 EX EJIDO CHAPULTEPEC (CENTRO DE GOB) | F50: B | H50: IMPRESORA
A51: 11 | B51: SEDECO | C51: ENSENADA | D51: DESARROLLO ECONOMICO (ENSENADA) | E51: CARR. ENS-LA PAZ #6500 EX EJIDO CHAPULTEPEC (CENTRO DE GOB) | F51: B | G51: NUEVA
A52: 12 | B52: SEFOA | C52: ENSENADA | D52: FOMENTO AGROPECUARIO (ENSENADA) | E52: CARR. ENS-LA PAZ #6500 EX EJIDO CHAPULTEPEC (CENTRO DE GOB) | F52: B
A53: 12 | B53: SEFOA | C53: ENSENADA | D53: FOMENTO AGROPECUARIO SAN QUINTIN | E53: ESPALDAS DE GOBIERNO DEL ESTADO | F53: A
A54: 13 | B54: SECTUR | C54: ENSENADA | D54: SECRETARIA DE TURISMO (ENSENADA) | E54: BLVD. LAZARO CARDENAS Y CALLE LAS ROCAS NO. 477 ZONA CENTRO | F54: A | H54: IMPRESORA | I54: SCANER
A55: 13 | B55: SECTUR | C55: ENSENADA | D55: SECRETARIA DE TURISMO (SAN QUINTIN) | E55: KM. 178.3 CARRET. TRANSPENINSULAR, COL. SANTA FE SAN QUINTIN | F55: B | H55: IMPRESORA | I55: SCANER
A56: 15 | B56: SPA | C56: ENSENADA | D56: SRIA. PROTECCION AL AMBIENTE (ECOLOGIA ENSENADA) | E56: CARR. ENS-LA PAZ #6500 EX EJIDO CHAPULTEPEC (CENTRO DE GOB) | F56: A
A57: 16 | B57: SEDESOE | C57: ENSENADA | D57: DESARROLLO SOCIAL S. QUINTIN | E57: CARR TRANSPENINSULAR CENTRO DE GOBIERNO S. QUINTIN BC | F57: A
A58: 16 | B58: SEDESOE | C58: ENSENADA | D58: DESARROLLO SOCIAL (ENSENADA) | E58: CARR. ENS-LA PAZ #6500 EX EJIDO CHAPULTEPEC (CENTRO DE GOB) | F58: B
A59: 16 | B59: SEDESOE | C59: ENSENADA | D59: DESARROLLO SOCIAL (ENSENADA) | E59: CARR. ENS-LA PAZ #6500 EX EJIDO CHAPULTEPEC (CENTRO DE GOB) | F59: B
A60: 17 | B60: STPS | C60: ENSENADA | D60: CONCILIACION Y ARBITRAJE (ENSENADA) JUNTA | E60: CARR. ENS-LA PAZ #6500 EX EJIDO CHAPULTEPEC (CENTRO DE GOB) | F60: A | G60: NUEVA
A61: 17 | B61: STPS | C61: SAN QUINTIN | D61: SRIA. DEL TRABAJO (SAN QUINTIN) | E61: CARRETETRA TRANSPENINSULAR EJIDO NUEVO MEXICALI LOTE 10 MNZA 12 | F61: A
A62: 17 | B62: STPS | C62: ENSENADA | D62: SECRETARIA DEL TRABAJO (ENSENADA) DELEGACION | E62: CARR. ENS-LA PAZ #6500 EX EJIDO CHAPULTEPEC (CENTRO DE GOB) | F62: A
A63: 17 | B63: STPS | C63: ENSENADA | D63: DIRECCION ESTATAL DE EMPLEO (ENSENADA) | E63: AVE. LOPEZ MATEOS | F63: B | H63: IMPRESORA | I63: SCANER
A64: 18 | B64: RPP | C64: ENSENADA | D64: REGISTRO PUBLICO (ENSENADA) | E64: CARR. ENS-LA PAZ #6500 EX EJIDO CHAPULTEPEC (CENTRO DE GOB) | F64: A
A65: 21 | B65: SSPE | C65: ENSENADA | D65: C4 (ENSENADA) | E65: MANUEL AVILA CAMACHO S/N PRADERAS DEL CIPRES EDIFICIO D | F65: A
A66: 21 | B66: SSPE | C66: ENSENADA | D66: CENTRO DE EVALUACION Y CONFIANZA C3 (ENSENADA) | E66: BONIFAS POPOF Y BLVD. ZERTUCHE | F66: B | G66: NUEVA
A67: 21 | B67: SSPE | C67: ENSENADA | D67: CENTRO DE PREVENCION SOCIAL DE LA VIOLENCIA (ENSENADA) | E67: BONIFAS POPOF Y BLVD. ZERTUCHE | F67: B
A68: 21 | B68: SSPE | C68: ENSENADA | D68: CERESO ENSENADA (ADMINISTRACION) | E68: CARR. OJOS NEGROS S/N KM 3.5 COL AGUAJITO | F68: A | H68: IMPRESORA | I68: SCANER
A69: 21 | B69: SSPE | C69: ENSENADA | D69: CERESO ENSENADA (AMP. JUSGDOZ ADSCRITOS) | E69: CARR. OJOS NEGROS S/N KM 3.5 COL AGUAJITO | F69: B
A70: 21 | B70: SSPE | C70: ENSENADA | D70: CERESO ENSENADA (AREA TECNICA) | E70: CARR. OJOS NEGROS S/N KM 3.5 COL AGUAJITO | F70: B
A71: 21 | B71: SSPE | C71: ENSENADA | D71: CERESO ENSENADA (BARANDILLAS) | E71: CARR. OJOS NEGROS S/N KM 3.5 COL AGUAJITO | F71: A
A72: 21 | B72: SSPE | C72: ENSENADA | D72: CERESO ENSENADA (DIRECCION) | E72: CARR. OJOS NEGROS S/N KM 3.5 COL AGUAJITO | F72: B
A73: 21 | B73: SSPE | C73: ENSENADA | D73: CERESO ENSENADA (JURIDICO) | E73: CARR. OJOS NEGROS S/N KM 3.5 COL AGUAJITO | F73: A
A74: 21 | B74: SSPE | C74: ENSENADA | D74: CERESO ENSENADA AREA MEDICA | E74: CARR. OJOS NEGROS S/N KM 3.5 COL AGUAJITO | F74: A
A75: 21 | B75: SSPE | C75: ENSENADA | D75: CONSEJO TUTELAR PARA MENORES (ENSENADA) | E75: ESPALDAS DE CD. DEPORTIVA VALLE DORADO | F75: B | H75: IMPRESORA
A76: 21 | B76: SSPE | C76: ENSENADA | D76: CONSEJO TUTELAR PARA MENORES (ENSENADA) | E76: ESPALDAS DE CD. DEPORTIVA VALLE DORADO | F76: B | H76: IMPRESORA
A77: 21 | B77: SSPE | C77: ENSENADA | D77: INST. ESTATAL DE POLICIA (ENSENADA) | E77: MANUEL AVILA CAMACHO S/N PRADERAS DEL CIPRES EDIFICIO C | F77: A
A78: 21 | B78: SSPE | C78: ENSENADA | D78: POLICIA ESTATAL PREVENTIVA (ENSENADA) | E78: PROLONGACION ZARTUCHE S/N PRADERAS DEL CIPRES | F78: A
A79: 21 | B79: SSPE | C79: ENSENADA | D79: SSP. (COORD. ADMVA.) (ENSENADA) | E79: MANUEL AVILA CAMACHO S/N PRADERAS DEL CIPRES EDIFICIO D | F79: B
E81: TOTAL MAQUINAS TIPO A | F81: =COUNTIFS(F6:F79,"=A") -> 43
E82: TOTAL MAQUINAS TIPO B | F82: =COUNTIFS(F6:F79,"=b") -> 31
E83: TOTAL MAQUINAS TIPO C | F83: =COUNTIF(F6:F79,"C") -> 0
E84: TOTAL EQUIPOS ENSENADA | F84: =SUM(F81:F83) -> 74
E85: TOTAL MAQUINAS NUEVAS | G85: =COUNTIF(G6:G79,"NUEVA") -> 8 | H85: =G85/F84 -> 0.10810811
E86: TOTAL MAQUINAS RECONSTRUIDAS | G86: =F84-G85 -> 66
E87: TOTAL IMPRESORA | H87: =COUNTIF(H6:H79,"IMPRESORA") -> 27
E88: TOTAL SCANER | H88: =COUNTIF(I6:I79,"SCANER") -> 10
D89: OK
E90: TOTAL IMPRESORA Y SCANER | H90: =H88 -> 10
E93: EQUIPOS A COLOR | F93: 0
